 Dungeon Crawl Stone Soup version 0.31-a0-988-g08d55dae12 (webtiles) character file.

Game seed: 15403952918685523020

15858095 Dirtsage the Conqueror (level 27, 249/249 HPs)
             Began as a Demonspawn Fighter on Nov 3, 2023.
             Was the Champion of Wu Jian.
             Escaped with the Orb
             ... and 15 runes on Nov 6, 2023!
             The game lasted 09:09:08 (100355 turns).

Dirtsage the Conqueror (Demonspawn Fighter)       Turns: 100355, Time: 09:09:09

Health: 249/249    AC: 45    Str: 37    XL:     27
Magic:  49/49      EV: 25    Int: 19    God:    Wu Jian [******]
Gold:   18449      SH: 32    Dex: 21    Spells: 42/70 levels left

rFire   + +          +
                       - Unarmed
rCold   + + +        F - +5 kite shield of Beyond {Will++}
rNeg    + + +        x - +9 scales of the Dragon King {rPois rF+ rC+ Will+}
rPois   ∞            z - +2 helmet "Ipsitoph" {Contam rCorr Str+7 Slay+3}
rElec   +            I - +0 cloak of the Minstrel {Fly Slay+2 SInv}
rCorr   +            (gloves unavailable)
SInv    +            T - +1 pair of boots of Ockeusuu {rPois rC+ SInv Stlth+}
Will    +++++        s - amulet of Vitality {RegenMP++ Regen++} Stlth
                     X - ring "Coxuareo" {rF++ Str+6 Int+6 Dex+2}
HPRegen 3.01/turn    N - ring of Iririwk {Wiz rElec Will+ Dex+5}
MPRegen 1.11/turn

%: wizardry (x1)
@: death-form, flying, studying 10 skills
A: vile attack, torment immunity, no potions, large bone plates 3, foul stench
3, powered by death 3, augmentation 3, demonic touch 3, clumsy 1, regeneration 1
0: Orb of Zot
}: 15/15 runes: barnacled, slimy, silver, golden, iron, obsidian, icy, bone,
abyssal, demonic, glowing, magical, fiery, dark, gossamer
a: Siphon Essence, Begin Untransformation, Renounce Religion, Wall Jump,
Serpent's Lash, Heavenly Storm


You escaped.
You worshipped Wu Jian.
Wu Jian was exalted by your worship.
You were an undying horror.
You visited 18 branches of the dungeon, and saw 88 of its levels.
You visited Pandemonium 2 times, and saw 18 of its levels.
You visited the Abyss 3 times.
You completed 2 ziggurats, and saw 54 of their levels.
You also visited: Gauntlet, Ice Cave and Desolation.

You collected 20793 gold pieces.
You spent 2344 gold pieces at shops.

Inventory:

Missiles
 i - 2 throwing nets
Armour
 x - the +9 scales of the Dragon King (worn) {rPois rF+ rC+ Will+}
   (You found it on level 5 of the Vaults)

   rF+:       It protects you from fire.
   rC+:       It protects you from cold.
   rPois:     It protects you from poison Will+: It increases your willpower.
 z - the +2 helmet "Ipsitoph" (worn) {Contam rCorr Str+7 Slay+3}
   (You found it on level 20 of a ziggurat)

   Str+7:     It affects your strength (+7).
   Slay+3:    It affects your accuracy & damage with ranged weapons and melee
   (+3).
   Contam:    It causes magical contamination when unequipped.
   rCorr:     It protects you from acid and corrosion.
 F - the +5 kite shield of Beyond (worn) {Will++}
   (You found it in Pandemonium)

   Will++:    It greatly increases your willpower.
 I - the +0 cloak of the Minstrel (worn) {Fly Slay+2 SInv}
   (You found it on level 11 of a ziggurat)

   Slay+2:    It affects your accuracy & damage with ranged weapons and melee
   (+2).
   SInv:      It lets you see invisible.
   Fly:       It grants you flight.
 S - the +2 pair of boots "Xuagaf" {Fly rN+}
   (You found it on level 5 of the Vaults)

   rN+:       It protects you from negative energy.
   Fly:       It grants you flight.
 T - the +1 pair of boots of Ockeusuu (worn) {rPois rC+ SInv Stlth+}
   (You found it on level 17 of a ziggurat)

   rC+:       It protects you from cold.
   rPois:     It protects you from poison SInv: It lets you see invisible.
   Stlth+:    It makes you more stealthy.
Jewellery
 s - the amulet of Vitality (around neck) {RegenMP++ Regen++}
   (You found it on level 18 of a ziggurat)

   [amulet of magic regeneration]

   RegenMP:   It increases your rate of magic regeneration.
   Regen++:   It increases your rate of health regeneration.
 N - the ring of Iririwk (right hand) {Wiz rElec Will+ Dex+5}
   (You found it on level 6 of a ziggurat)

   [ring of wizardry]

   Wiz:       It improves your spell success rate.
   Dex+5:     It affects your dexterity (+5).
   rElec:     It insulates you from electricity.
   Will+:     It increases your willpower.
 X - the ring "Coxuareo" (left hand) {rF++ Str+6 Int+6 Dex+2}
   (You found it in Pandemonium)

   [ring of intelligence]

   Str+6:     It affects your strength (+6).
   Int+6:     It affects your intelligence (+6).
   Dex+2:     It affects your dexterity (+2).
   rF++:      It greatly protects you from fire.
Talismans
 U - a talisman of death (active)
Wands
 D - a wand of digging (86)
Scrolls
 b - 11 scrolls of poison
 e - a scroll of acquirement
 f - 28 scrolls of enchant armour
 g - 13 scrolls of fear
 k - 16 scrolls of revelation
 m - 21 scrolls of immolation
 o - 13 scrolls of noise
 p - 10 scrolls of torment
 t - 88 scrolls of teleportation
 B - 26 scrolls of blinking
 G - 22 scrolls of vulnerability
 J - 30 scrolls of fog
 K - 9 scrolls of summoning
 L - 12 scrolls of silence
 Q - 7 scrolls of amnesia
Potions
 a - 2 potions of ambrosia
 d - 9 potions of might
 h - 11 potions of haste
 j - a potion of invisibility
 l - 30 potions of heal wounds
 n - 9 potions of resistance
 q - 46 potions of curing
 r - 15 potions of brilliance
 w - 31 potions of mutation
 E - 2 potions of berserk rage
 O - 12 potions of enlightenment
 R - 14 potions of cancellation
 Y - 12 potions of magic
 Z - 6 potions of attraction
Miscellaneous
 c - 2 +2 figurines of a ziggurat
 v - a lightning rod (4/4)
 y - a phial of floods


   Skills:
 O Level 27 Fighting
 - Level 4.1 Long Blades
 - Level 14.7 Throwing
 O Level 27 Armour
 O Level 27 Dodging
 - Level 7.8 Stealth
 + Level 26.9 Shields
 O Level 27 Unarmed Combat
 + Level 22.2 Spellcasting
 - Level 22.0 Conjurations
 - Level 13.1 Translocations
 - Level 3.9 Transmutations
 - Level 22.9 Air Magic
 O Level 27 Earth Magic
 - Level 7.3 Poison Magic
 - Level 11.3 Evocations
 O Level 27 Shapeshifting


You had 42 spell levels left.
You knew the following spells:

 Your Spells              Type           Power      Damage    Failure   Level
a - Vhi's Electric Charg  Tloc/Air       100%       N/A       1%          4
b - Manifold Assault      Tloc           100%       N/A       1%          4
c - Wereblood             Tmut           68%        N/A       1%          2
d - Conjure Ball Lightni  Conj/Air       62%        3x3d22    1%          6
e - Shatter               Erth           67%        3d49*     5%          9
g - Apportation           Tloc           100%       N/A       1%          1
w - Passwall              Tmut/Erth      90%        N/A       0%          2

Your spell library contained the following spells:

 Spells                   Type           Power      Damage    Failure   Level
 Magic Dart               Conj           100%       1d8       0%          1
 Sandblast                Erth           100%       2d20      0%          1
 Shock                    Conj/Air       100%       1d9       0%          1
 Momentum Strike          Conj/Tloc      100%       3d10      0%          2
 Searing Ray              Conj           100%       2d8       0%          2
 Static Discharge         Conj/Air       100%       3-8/arc   0%          2
 Mephitic Cloud           Conj/Pois/Air  100%       N/A       0%          3
 Stone Arrow              Conj/Erth      100%       3d13      0%          3
 Swiftness                Air            100%       N/A       0%          3
 Airstrike                Air            63%        2d(9-25)  0%          4
 Brom's Barrelling Bould  Conj/Erth      100%       2d11      0%          4
 Arcjolt                  Conj/Air       62%        1d72      0%          5
 Lee's Rapid Deconstruct  Erth           67%        3d30*     0%          5
 Foxfire                  Conj/Fire      100%       2x1d9     1%          1
 Kiss of Death            Conj/Necr      100%       2d13      1%          1
 Sting                    Tmut/Pois      100%       1d8       1%          1
 Blink                    Tloc           100%       N/A       1%          2
 Cigotuvi's Dreadful Rot  Necr/Pois/Air  100%       N/A       1%          2
 Lesser Beckoning         Tloc           100%       N/A       1%          2
 Poisonous Vapours        Pois/Air       100%       N/A       1%          2
 Dazzling Flash           Conj/Hex       100%       N/A       1%          3
 Gell's Gravitas          Tloc           100%       N/A       1%          3
 Hailstorm                Conj/Ice       95%        3d19      1%          3
 Teleport Other           Tloc           100%       N/A       1%          3
 Volatile Blastmotes      Fire/Tloc      100%       2d18      1%          3
 Animate Armour           Summ/Erth      100%       N/A       1%          4
 Flame Wave               Conj/Fire      95%        2d20      1%          4
 Fulminant Prism          Conj/Hex       47%        3d21      1%          4
 Iskenderun's Mystic Bla  Conj/Tloc      100%       2d19      1%          4
 Leda's Liquefaction      Hex/Erth       51%        N/A       1%          4
 Olgreb's Toxic Radiance  Pois           82%        N/A       1%          4
 Passage of Golubria      Tloc           100%       N/A       1%          4
 Petrify                  Tmut/Erth      100%       N/A       1%          4
 Sticky Flame             Conj/Fire      95%        2d10      1%          4
 Summon Lightning Spire   Summ/Air       97%        N/A       1%          4
 Borgnjor's Vile Clutch   Necr/Erth      51%        N/A       1%          5
 Fireball                 Conj/Fire      47%        3d19      1%          5
 Freezing Cloud           Conj/Ice/Air   53%        6-21      1%          5
 Irradiate                Conj/Tmut      50%        3d28      1%          5
 Iskenderun's Battlesphe  Conj           100%       2d15      1%          5
 Silence                  Hex/Air        48%        N/A       1%          5
 Bombard                  Conj/Erth      64%        9d11      1%          6
 Orb of Destruction       Conj           62%        9d15      1%          7
 Lehudib's Crystal Spear  Conj/Erth      64%        10d15     1%          8
 Maxwell's Capacitive Co  Air            63%        ∞         1%          8
 Ignite Poison            Fire/Tmut/Pois 67%        N/A       2%          3
 Dimensional Bullseye     Hex/Tloc       39%        N/A       2%          4
 Dispersal                Tloc           51%        N/A       2%          6
 Freeze                   Ice            100%       1d10      3%          1
 Necrotise                Necr           100%       1d9       3%          1
 Slow                     Hex            100%       N/A       3%          1
 Summon Small Mammal      Summ           100%       N/A       3%          1
 Plasma Beam              Fire/Air       48%        2x1d63    4%          6
 Call Imp                 Summ           92%        N/A       5%          2
 Ensorcelled Hibernation  Hex/Ice        92%        N/A       5%          2
 Jinxbite                 Hex            92%        N/A       5%          2
 Scorch                   Fire           92%        2d8       5%          2
 Sublimation of Blood     Necr           46%        N/A       5%          2
 Summon Forest            Summ/Tloc      39%        N/A       6%          5
 Starburst                Conj/Fire      47%        6d13      6%          6
 Alistair's Intoxication  Tmut/Pois      50%        N/A       9%          5
 Call Canine Familiar     Summ           46%        N/A       11%         3
 Confusing Touch          Hex            46%        N/A       11%         3
 Frozen Ramparts          Ice            92%        1d14      11%         3
 Inner Flame              Hex/Fire       46%        N/A       11%         3
 Ozocubu's Armour         Ice            46%        N/A       11%         3
 Sigil of Binding         Hex            46%        N/A       11%         3
 Summon Guardian Golem    Hex/Summ       46%        N/A       11%         3
 Tukima's Dance           Hex            46%        N/A       11%         3
 Vampiric Draining        Necr           46%        2d9       11%         3
 Spellforged Servitor     Conj/Summ      47%        N/A       28%         7
 Anguish                  Hex/Necr       23%        N/A       32%         4
 Animate Dead             Necr           46%        N/A       32%         4
 Cause Fear               Hex            23%        N/A       32%         4
 Dispel Undead            Necr           46%        3d18      32%         4
 Summon Ice Beast         Ice/Summ       46%        N/A       32%         4
 Chain Lightning          Conj/Air       62%        3d83      32%         9
 Yara's Violent Unravell  Hex/Tmut       29%        3d12      38%         5
 Eringya's Noxious Bog    Tmut/Pois      38%        4d6       43%         6
 Agony                    Necr           46%        N/A       65%         5
 Metabolic Englaciation   Hex/Ice        23%        N/A       65%         5
 Summon Mana Viper        Hex/Summ       46%        N/A       65%         5
 Disjunction              Tloc           51%        N/A       65%         8
 Malign Gateway           Summ/Tloc      39%        N/A       86%         7
 Death Channel            Necr           23%        N/A       99%         6
 Simulacrum               Ice/Necr       23%        N/A       99%         6
 Summon Cactus Giant      Summ           23%        N/A       99%         6
 Enfeeble                 Hex            23%        N/A       100%        7
 Haunt                    Necr/Summ      23%        N/A       100%        7
 Monstrous Menagerie      Summ           23%        N/A       100%        7
 Ozocubu's Refrigeration  Ice            23%        4d12      100%        7
 Summon Hydra             Summ           23%        N/A       100%        7
 Borgnjor's Revivificati  Necr           23%        N/A       100%        8
 Discord                  Hex            23%        N/A       100%        8
 Ignition                 Fire           23%        3d8       100%        8
 Infestation              Necr           23%        N/A       100%        8
 Summon Horrible Things   Summ           23%        N/A       100%        8
 Death's Door             Necr           23%        N/A       100%        9
 Dragon's Call            Summ           23%        N/A       100%        9
 Fire Storm               Conj/Fire      47%        8d12      100%        9
 Polar Vortex             Ice            23%        12d3*     100%        9


Dungeon Overview and Level Annotations

Branches:
Dungeon (15/15)            Temple (1/1) D:6            Lair (5/5) D:8
 Shoals (4/4) Lair:3       Spider (4/4) Lair:3        Slime (5/5) Lair:5
    Orc (2/2) D:12            Elf (3/3) Orc:2        Vaults (5/5) D:14
  Crypt (3/3) Vaults:2       Tomb (3/3) Crypt:3      Depths (4/4) D:15
   Hell (visited)             Dis (7/7) Hell            Geh (7/7) Hell
    Coc (7/7) Hell            Tar (7/7) Hell            Zot (5/5) Depths:4
  IceCv (visited)         Desolation (visited)      Gauntlet (visited)

Altars:
Ashenzari
Cheibriados
Dithmenos
Fedhas
Gozag
Hepliaklqana
Kikubaaqudgha
Makhleb
Nemelex Xobeh
Okawaru
Qazlal
Ru
Sif Muna
Trog
Uskayaw
Vehumet
Wu Jian
Xom
Yredelemnul

Shops:
D:1 [   D:9 *?   Orc:2 [![*   Shoals:4 (   Vaults:1 ?   Vaults:2 (   Vaults:4 =
Depths:2 ?   Depths:4 :*(:

Portals:
Hell: Depths:1 Depths:2 Depths:3 Depths:4
Abyss: Depths:1 Depths:3 Depths:4
Pandemonium: Depths:2 Depths:4

Annotations:
Lair:2 exclusion: oklob plant
Elf:3 4 transporters
Depths:2 1 runed translucent door


Innate Abilities, Weirdness & Mutations

You are an undying horror.
Your melee and unarmed attacks drain, slow and weaken victims.
You are immune to unholy pain and torment.
You cannot drink.
You are immune to poison.
You are completely covered in large bone plates. (SH +8)
You frequently emit foul miasma when damaged in melee.
You regenerate a lot of health from kills.
Your magical and physical power is greatly enhanced at high health.
Your touch may irresistibly damage your foes and sap their willpower.
You are clumsy. (Dex -2)
Your natural rate of healing is unusually fast.


Message History

You block the hellwing's attack. The hellwing misses you.
The hellwing attacks as it pursues you! You block the hellwing's attack. x2
You pound the hellwing into fine dust!!!
You kill the hellwing!
The Council accepts your kill.
A toenail golem comes into view.
Aiming: Dig
Press: ? - help, Shift-Dir - straight line A rock wall.
This square is covered in magical glow.
The rock shatters into small pieces.
You lunge at the toenail golem, in a flurry of attacks.
You barely miss the toenail golem.
You pummel the toenail golem like a punching bag!!!!
You destroy the toenail golem!
The Council accepts your kill.
There is an open door here.
There is a staircase leading out of the dungeon here.
Okay, then.
Unknown command.
Okay, then.
There is a staircase leading out of the dungeon here.
Annotate which branch? (. - D:1, ? - help, ! - show branch list)
Okay, then.
Enter note: You are an undying horror.
You are flying.
You are studying Fighting, Axes, Maces & Flails, Staves, Ranged Weapons, Dodging, Transmutations, Air Magic, Poison Magic and Evocations.
Your flying speed is average.
Your attack delay is about 0.5.
Your damage rating with unarmed combat is about 101 (Base [9 + 27 (UC)] x 167% (Str) x 145% (Fight) + 14 (Slay)).
Your base attributes are Str 24, Int 13, Dex 16.
You are an undying horror.
You are flying.
You are studying Fighting, Axes, Maces & Flails, Staves, Ranged Weapons, Dodging, Transmutations, Air Magic, Poison Magic and Evocations.
Your flying speed is average.
Your attack delay is about 0.5.
Your damage rating with unarmed combat is about 101 (Base [9 + 27 (UC)] x 167% (Str) x 145% (Fight) + 14 (Slay)).
Your base attributes are Str 24, Int 13, Dex 16.
You are a level 27 Demonspawn Fighter.
I'm sorry, level 27 is as high as you can go.
With the way you've been playing, I'm surprised you got this far.
Play time: 09:09:01 (100354 turns).
You are forever immune to Zot's power.
You have escaped!

####....#################....#
.......## ###.......### ##...#
#.....## ##...........## ##..#
..##..# ##....~~[~~....## #..#
####..# #...~~~~.~~~~...# #..# #
#.####..~~...)...~~..####.# # #.#
#...~..#####..~...# #.#### ####.#
#..~~.##..[##.~~..# #.##.. ..#..#
#..~~.##.z.##.~~..# #....# ..#..#
#..~~.##...##.~~..# #....# .....#
#...~..##'##..~...# #....#
..##.####..~~.......~~..####.)...
............~~~~~~~~~...# #......
..#...####....~~~~~....## #.....#
..##..## ##...........## ##.....#
..##...## ###.......### ##......#
####....########.########........


There were no monsters in sight!

Vanquished Creatures
  Cerebov (Pan)
  Antaeus (Coc:7)
  Asmodeus (Geh:7)
  the Royal Jelly (Slime:5)
  Gloorx Vloq (Pan)
  Ereshkigal (Tar:7)
  A seraph (D:7)
  Lom Lobon (Pan)
  28 dread liches
  Mnoleg (Pan)
  25 ancient liches
  Dispater (Dis:7)
  5 orbs of fire
  6 juggernauts
  Mennas (Depths:4)
  22 pandemonium lords
  Sojobo (Depths:3)
  51 royal mummies
  Vv (Crypt:3)
  Boris (twice) (Crypt:3 Tomb:3)
  Parghit (Zot:1)
  Saint Roka (Orc:2)
  26 shard shrikes
  15 Killer Klowns
  Geryon (Hell)
  2 curse toes (Zot:4)
  30 caustic shrikes
  The ghost of Fubrub the Fetichist, a veteran GnWr of Ashenzari (Vaults:3)
  22 golden dragons
  15 profane servitors
  Arachne (Spider:2)
  Nikola (Vaults:1)
  Jory (Vaults:5)
  27 bone dragons
  Norris (Vaults:3)
  31 Tzitzimimeh
  3 electric golems
  17 iron giants
  29 Brimstone Fiends
  18 hellephants
  22 doom hounds
  20 tentacled monstrosities
  45 Hell Sentinels
  Grunn (Crypt:3)
  A walking earthen tome (Zot:1)
  30 tainted leviathans
  3 walking crystal tomes
  22 titans
  58 Ice Fiends
  12 liches
  27 Orb Guardians
  The ghost of Aceje Mir the Tortoise, an adept AtMo of Okawaru (Vaults:2)
  13 deep elf blademasters
  19 quicksilver dragons
  15 sphinxes
  15 deep elf master archers
  A quicksilver dragon (shapeshifter) (Zig:20)
  A walking frostbound tome (Depths:3)
  43 acid blobs
  8 death cobs
  An eldritch tentacle (Vaults:3)
  A sphinx (shapeshifter) (Zig:20)
  34 Executioners
  Polyphemus (Shoals:3)
  2 krakens
  Gastronok (D:12)
  40 searing wretches
  34 tentacled starspawn
  2 shadow dragons (shapeshifter) (Zig:20)
  47 ancient champions
  10 revenants
  12 draconian monks
  19 tengu reavers
  A thorn hunter (Zig:23)
  18 storm dragons
  Ilsuiw (Shoals:3)
  11 shadow dragons
  6 daevas
  11 demonspawn warmongers (Pan)
  47 nagarajas
  11 quicksilver elementals
  31 narguns
  A fire giant (shapeshifter) (Zig:20)
  11 draconian knights
  14 emperor scorpions
  33 fire giants
  22 azure jellies
  A fenstrider witch (shapeshifter) (Zig:20)
  A frost giant (shapeshifter) (Zig:20)
  13 rockslimes
  2 imperial myrmidons (Desolation)
  7 deep elf sorcerers
  7 deep elf elementalists
  9 draconian scorchers
  18 shard shrike simulacra
  33 vault wardens
  13 iron dragons
  25 frost giants
  3 caustic shrike zombies
  10 draconian shifters
  2 juggernaut zombies
  Louise (Shoals:4)
  17 demonspawn corrupters
  28 ghost moths
  84 balrugs
  15 curse skulls
  A spectral juggernaut (Tar:3)
  7 ghouls
  12 demonspawn blood saints
  14 draconian stormcallers
  26 reapers
  5 angels
  3 spectral caustic shrikes
  A quicksilver ooze (shapeshifter) (Zig:16)
  40 very ugly things
  13 quicksilver oozes
  9 draconian annihilators
  32 war gargoyles
  A ghost moth (shapeshifter) (Zig:20)
  31 cacodemons
  5 juggernaut skeletons
  23 ironbound preservers
  21 formless jellyfish
  2 broodmothers
  8 ironbound thunderhulks
  7 green draconians
  18 stone giants
  37 putrid mouths
  7 caustic shrike skeletons
  28 bennus
  27 elemental wellsprings
  4 ophanim
  Nessos (Lair:3)
  14 black draconians
  16 vampire knights
  12 white draconians
  An eleionoma (shapeshifter) (D:14)
  2 eleionomae
  5 bunyips
  44 wendigos
  9 demonspawn black suns
  2 halazid warlocks (Desolation)
  5 apis (Pan)
  A minotaur (shapeshifter) (Vaults:5)
  17 yellow draconians
  36 deep elf demonologists
  26 deep elf annihilators
  23 lorocyprocas
  2 bunyips (shapeshifter)
  17 dire elephants
  2 spectral titans
  2 spark wasps (shapeshifter)
  2 minotaurs
  10 spark wasps
  16 purple draconians
  3 dire elephants (shapeshifter)
  33 iron golems
  17 eidola
  4 crystal guardians
  18 red draconians
  11 deep elf death magi
  13 merfolk javelineers
  An entropy weaver (shapeshifter) (Abyss:4)
  A spectral quicksilver dragon (Zig:25)
  Josephine (D:11)
  31 blizzard demons
  17 merfolk impalers
  33 green deaths
  11 jiangshi
  7 spectral spriggans
  36 deep elf high priests
  12 fire dragons
  19 ettins
  11 spriggan zombies
  63 mummy priests
  The ghost of MrCrawl the Thaumaturge, a journeyman DrFE of Vehumet (Orc:2)
  20 yaktaur captains
  16 great orbs of eyes
  3 shambling mangroves
  7 rakshasas
  Fannar (D:11)
  2 fenstrider witch zombies
  32 vault guards
  5 ice dragons
  23 entropy weavers
  6 juggernaut simulacra
  46 salamander tyrants
  18 peacekeepers
  2 quicksilver dragon skeletons
  8 ragged hierophants (Desolation)
  5 catoblepae
  15 caustic shrike simulacra
  Erolcha (D:12)
  9 hell beasts
  2 ghost crabs
  9 servants of whispers (Desolation)
  14 hydras
  2 jorogumos
  7 anacondas
  2 spriggan air magi
  10 ironbound frosthearts
  A satyr (shapeshifter) (Zig:20)
  3 sphinx zombies
  4 ogre magi
  3 alligators
  5 satyrs
  Erica (Orc:1)
  5 death knights
  14 stokers
  12 alligator snapping turtles
  A radroach (shapeshifter) (Vaults:5)
  9 radroaches
  78 death scarabs
  12 centaur warriors
  12 two-headed ogres
  10 naga warriors
  33 demonic crawlers
  26 merfolk aquamancers
  A boulder beetle (shapeshifter) (Zig:14)
  10 merfolk avatars
  4 tengu warriors
  7 deep troll shamans
  77 dancing weapons
  7 orc high priests
  Urug (Orc:2)
  48 thrashing horrors
  12 boulder beetles
  16 death yaks
  8 deep troll earth magi
  15 naga sharpshooters
  36 hell hogs
  2 spectral dire elephants
  6 storm dragon zombies
  114 large abominations
  21 vampire magi
  A shock serpent (shapeshifter) (Vaults:4)
  2 spriggans
  20 shock serpents
  4 occultists
  Nergalle (D:12)
  5 spriggan berserkers
  35 deep elf knights
  3 hell knights
  A spectral storm dragon (Zig:25)
  37 soul eaters
  133 sun demons
  3 spectral nagas
  A spectral orc (Tar:1)
  4 titan zombies
  8 skysharks
  19 crystal echidnas
  3 goliath frogs
  2 skysharks (shapeshifter)
  12 iron trolls
  12 pharaoh ants
  19 wretched stars
  2 titan skeletons
  37 shadow wraiths
  5 death drakes
  3 fire crabs
  2 spatial maelstroms
  2 spectral anacondas
  3 sun moths
  40 sixfirhies
  A spectral iron dragon (Tar:5)
  8 spriggan simulacra
  12 glowing orange brains
  A storm dragon skeleton (Zig:21)
  A deep troll (shapeshifter) (Depths:1)
  A spark wasp zombie (D:15)
  5 spriggan druids
  2 salamander mystics (Zig:27)
  48 deep trolls
  47 skeletal warriors
  8 naga ritualists
  A spectral hydra (Crypt:2)
  2 shadow dragon zombies
  28 deep elf archers
  15 swamp dragons
  31 sea snakes
  8 flayed ghosts
  9 arcanists
  3 bunyip skeletons
  45 harpies
  2 anaconda zombies
  7 orange crystal statues
  A lindwurm (shapeshifter) (Depths:3)
  2 golden dragon skeletons
  14 lindwurms
  2 steelbarb worms (shapeshifter)
  12 steelbarb worms
  A harpy (shapeshifter) (Zig:20)
  4 bog bodies
  14 orc knights
  7 quicksilver dragon simulacra
  17 shadow demons
  25 orb spiders
  10 obsidian statues
  An alligator zombie (Hell)
  23 ironbound convokers
  15 phantasmal warriors
  54 deep elf zephyrmancers
  52 ugly things
  A sphinx simulacrum (Zig:24)
  A tengu zombie (Zig:20)
  68 deep elf pyromancers
  5 mana vipers
  22 shining eyes
  An iron dragon zombie (Tomb:2)
  10 necromancers
  3 orc sorcerers
  A mana viper (shapeshifter) (Abyss:4)
  2 anaconda skeletons
  10 cyclopes
  28 wolf spiders
  A stone giant zombie (Crypt:3)
  3 tengu skeletons
  A jorogumo zombie (Crypt:1)
  A spectral merfolk (Tar:2)
  A spectral ettin (Tar:2)
  5 will-o-the-wisps
  2 human zombies (Vaults:3)
  5 shadow dragon skeletons
  A toenail golem (D:1)
  A wolf spider (shapeshifter) (Zig:19)
  A faun (shapeshifter) (Zig:16)
  12 worldbinders
  A cyclops (shapeshifter) (Zig:16)
  A salamander (Zig:27)
  2 moths of wrath (shapeshifter)
  A fire giant zombie (Zig:8)
  A manticore (shapeshifter) (Abyss:4)
  4 fauns (Shoals:2)
  An alligator skeleton (Hell)
  An elephant (shapeshifter) (Zig:26)
  5 spectral centaurs
  14 apocalypse crabs
  2 salamanders (shapeshifter)
  30 manticores
  A spectral alligator snapping turtle (Tar:1)
  8 fire giant skeletons (Crypt:3)
  21 oklob plants (Zig:26)
  Joseph (D:7)
  Maurice (D:11)
  38 moths of wrath
  21 merfolk sirens
  6 ice statues
  An eleionoma skeleton (Crypt:2)
  19 guardian serpents
  7 rust devils
  60 smoke demons
  The ghost of KineticRobot the Trooper, a novice MiFi of Gozag (D:5)
  12 eyes of devastation
  A guardian serpent (shapeshifter) (Zig:16)
  A centaur zombie (Tomb:3)
  A dire elephant zombie (Tomb:1)
  An alligator snapping turtle zombie (Crypt:1)
  19 naga magi
  16 vault sentinels
  19 elephants
  23 water nymphs
  40 black mambas
  10 cane toads
  37 orange demons
  3 molten gargoyles
  4 titan simulacra
  2 storm dragon simulacra
  7 gargoyles
  A cane toad (shapeshifter) (Abyss:4)
  38 hellions
  A minotaur zombie (Crypt:1)
  20 torpor snails
  An orc zombie (Crypt:3)
  41 yaktaurs
  6 unseen horrors
  3 dire elephant skeletons
  An orc skeleton (Pan)
  An unseen horror (shapeshifter) (Zig:16)
  3 centaur skeletons
  3 kobold demonologists
  36 freezing wraiths
  Maggie (D:7)
  A yaktaur zombie (Vaults:5)
  13 ice devils
  2 rime drakes
  An alligator snapping turtle skeleton (Crypt:2)
  39 tormentors
  9 komodo dragons
  A bunyip simulacrum (Crypt:2)
  5 tengu conjurers
  16 efreet
  5 spectral harpies
  A hydra zombie (Hell)
  2 golden dragon simulacra (IceCv)
  109 guardian mummies
  4 iron giant simulacra
  22 ancient zymes
  11 red devils
  10 anaconda simulacra
  A minotaur skeleton (Pan)
  A great orb of eyes zombie (Crypt:2)
  2 silent spectres
  A queen bee (shapeshifter) (Zig:16)
  2 shadow dragon simulacra
  A sea snake skeleton (Hell)
  4 meliai
  3 tyrant leeches
  4 hydra skeletons
  A troll (shapeshifter) (Zig:4)
  78 saltlings (Desolation)
  An alligator simulacrum (D:14)
  16 trolls
  11 wind drakes
  6 hornets
  23 blink frogs
  3 iron dragon simulacra
  66 merfolk
  An ettin zombie (Tomb:3)
  A spectral swamp dragon (Crypt:2)
  10 glass eyes
  2 polar bears
  17 hellwings
  2 dream sheep (Shoals:1)
  30 tarantellas
  2 harpy skeletons
  12 snapping turtles
  31 raiju
  A fire giant simulacrum (Zig:8)
  A glass eye (shapeshifter) (Vaults:5)
  28 jumping spiders
  A centaur simulacrum (Crypt:2)
  A jumping spider (shapeshifter) (Zig:20)
  A spectral black mamba (Crypt:2)
  58 flying skulls
  A human simulacrum (Vaults:3)
  37 ynoxinuls
  9 fire dragon skeletons
  3 shadows
  109 slime creatures
  2 dire elephant simulacra
  An ice dragon skeleton (Tomb:1)
  7 air elementals
  3 wyverns
  17 culicivoras
  A black mamba skeleton (Tomb:1)
  2 spriggans (shapeshifter)
  42 water elementals
  A culicivora (shapeshifter) (Zig:23)
  3 ettin skeletons
  22 wraiths
  2 naga simulacra
  31 ushabtiu
  A vampire (D:9)
  44 yaks
  A fire bat (Abyss:2)
  21 golden eyes
  Eustachio (D:6)
  6 basilisks
  19 fire elementals
  34 neqoxecs
  3 steam dragons
  3 vampire mosquitoes (D:12)
  32 chaos spawn
  72 redbacks
  2 minotaur simulacra (D:14)
  4 alligator snapping turtle simulacra
  19 harpy simulacra
  6 spatial vortices
  2 death yak simulacra (Lair:5)
  2 redbacks (shapeshifter)
  11 nagas
  A swamp worm (shapeshifter) (Zig:10)
  5 wargs
  3 glowing shapeshifter zombies
  An acid dragon (D:12)
  3 hydra simulacra
  A water moccasin (shapeshifter) (Zig:14)
  3 naga skeletons
  9 water moccasins
  9 hell hounds
  41 orc warriors
  5 black bears
  2 swamp drakes
  An ice beast (D:5)
  A sky beast (Abyss:1)
  An ice dragon simulacrum (Crypt:2)
  2 swamp dragon zombies
  2 black mamba simulacra (Crypt:2)
  7 ettin simulacra
  An elephant skeleton (Lair:5)
  7 wolves
  13 ogres
  5 boggarts
  A swamp dragon skeleton (Pan)
  A centaur (shapeshifter) (Zig:20)
  11 centaurs
  2 phantoms (D:7)
  The ghost of Azuregosa the Sneak, an amateur DEDe of Vehumet (D:3)
  2 kobold brigands (D:12)
  3 gnoll sergeants
  A bullfrog (shapeshifter) (Vaults:5)
  An elf skeleton (Crypt:2)
  8 earth elementals
  6 necrophages (Crypt:2)
  4 deep troll simulacra
  9 bullfrogs
  A glowing shapeshifter simulacrum (Zig:8)
  A cane toad simulacrum (Lair:5)
  2 human skeletons
  3 scorpions
  2 cyclops skeletons (Crypt:2)
  32 small abominations
  18 wights
  7 killer bees
  An elephant simulacrum (Lair:5)
  A lindwurm simulacrum (D:14)
  7 spriggan skeletons
  4 electric eels
  A howler monkey (D:10)
  13 jellies
  5 quasits
  8 iron imps
  25 orc priests
  A gnoll bouda (D:8)
  2 hounds
  A basilisk zombie (Crypt:1)
  139 starcursed masses
  3 sleepcaps
  Natasha (thrice) (D:2)
  29 hell rats
  5 iguanas
  17 orc wizards
  4 lightning spires (Zig:16)
  A statue (D:4)
  163 mummies
  12 gnolls
  3 adders
  6 river rats (Lair:1)
  2 shadow imps
  9 white imps
  13 ufetubi
  A jelly zombie (Crypt:1)
  4 dart slugs
  75 orcs
  4 ball pythons
  6 endoplasms
  3 giant cockroaches
  11 goblins
  3 hobgoblins
  8 kobolds
  3 quokkas
  11 bats
  A dart slug zombie (Crypt:1)
  A frilled lizard (D:3)
  A gnoll zombie (Crypt:1)
  A jackal zombie (Crypt:2)
  7 rats
  2 ball lightnings
  6 creeping infernos
  18 fire vortices
  4 lurking horrors
  49 starspawn tentacles
  5 tentacles
7267 creatures vanquished.

Vanquished Creatures (others)
  An ancient lich (Zig:14)
  A shard shrike (Coc:7)
  A pandemonium lord (Zig:6)
  A demonspawn warmonger (Zig:12)
  3 fire giants
  A nagaraja (Zig:27)
  A shard shrike simulacrum (Coc:7)
  A demonspawn corrupter (Zig:6)
  A deep elf annihilator (Pan)
  3 blizzard demons
  A merfolk javelineer (Zig:26)
  3 green deaths (Zig:6)
  A rakshasa (Pan)
  A hydra (Zig:13)
  4 caustic shrike simulacra
  3 juggernaut simulacra
  A deep troll earth mage (Zig:26)
  A demonic crawler (Zig:6)
  A thrashing horror (Abyss:4)
  5 deep elf knights
  A wretched star (Zig:18)
  A spectral death yak (Lair:5)
  A sea snake (Shoals:4)
  A swamp dragon (Zig:12)
  A sun moth (Zig:24)
  An arcanist (Pan)
  An orange crystal statue (Zig:6)
  2 quicksilver dragon simulacra
  4 spriggan simulacra
  2 deep elf zephyrmancers
  2 deep elf pyromancers (Zig:19)
  A manticore (D:13)
  A moth of wrath (Zot:4)
  A water nymph (Zig:26)
  A gargoyle (Zig:9)
  A smoke demon (Pan)
  An unseen horror (D:13)
  An anaconda simulacrum (Coc:7)
  A bloated husk (Zig:13)
  2 golden dragon simulacra
  2 merfolk
  A hornet (Zig:26)
  A tengu simulacrum (Zig:22)
  A saltling (Desolation)
  A snapping turtle (Zig:26)
  A ynoxinul (Pan)
  2 centaur simulacra (Coc:2)
  4 water elementals
  2 naga simulacra (Coc:7)
  2 dire elephant simulacra (Coc:7)
  3 chaos spawn
  A redback (Spider:4)
  2 neqoxecs (Pan)
  2 harpy simulacra (Coc:7)
  2 hydra simulacra
  2 ettin simulacra (Coc:7)
  A boggart (Vaults:1)
  An orc (Elf:3)
  16 ball lightnings
  2 creeping infernos
  22 foxfires
  4 lurking horrors
  46 starspawn tentacles
  7 tentacles
190 creatures vanquished.

Grand Total: 7457 creatures vanquished

Notes
Turn   | Place    | Note
-------+----------+-------------------------------------------
     0 | D:1      | Dirtsage the Demonspawn Fighter began the quest for the
                  | Orb.
     0 | D:1      | Reached XP level 1. HP: 18/18 MP: 1/1
    85 | D:1      | Gained mutation: You regenerate a little health from kills.
                  | [demonic ancestry]
    85 | D:1      | Reached XP level 2. HP: 19/24 MP: 2/2
   350 | D:1      | Found Ibaryt's Armour Shoppe.
   543 | D:2      | Noticed Natasha
   554 | D:2      | Killed Natasha
   555 | D:2      | Reached XP level 3. HP: 10/29 MP: 3/3
   672 | D:2      | Found a faded altar of an unknown god.
  1012 | D:2      | Noticed Natasha
  1017 | D:2      | Killed Natasha
  1018 | D:2      | Gained mutation: Your touch may inflict minor irresistible
                  | damage on your foes. [demonic ancestry]
  1018 | D:2      | Reached XP level 4. HP: 33/35 MP: 4/4
  1263 | D:3      | Reached skill level 1 in Unarmed Combat
  1351 | D:3      | Found a runed translucent door.
  1353 | D:3      | Noticed Azuregosa's ghost (amateur DEDe)
  1394 | D:3      | Gained mutation: Your touch may inflict irresistible damage
                  | on your foes. [demonic ancestry]
  1394 | D:3      | Reached XP level 5. HP: 37/41 MP: 5/5
  1968 | D:3      | Killed Azuregosa's ghost
  2072 | D:4      | Noticed a black bear
  2086 | D:4      | Killed a black bear
  2087 | D:4      | Reached XP level 6. HP: 36/47 MP: 6/6
  2350 | D:4      | Found a radiant altar of Vehumet.
  2630 | D:4      | Reached skill level 5 in Unarmed Combat
  2841 | D:5      | Entered Level 5 of the Dungeon
  2859 | D:5      | Found a hide-covered altar of Uskayaw.
  2884 | D:5      | Reached XP level 7. HP: 50/52 MP: 7/7
  2986 | D:5      | Found a runed translucent door.
  2988 | D:5      | Noticed KineticRobot's ghost (novice MiFi)
  3142 | D:5      | Noticed a wraith
  3154 | D:5      | Killed a wraith
  4030 | D:6      | Reached XP level 8. HP: 49/61 MP: 8/8
  4111 | D:6      | Found a staircase to the Ecumenical Temple.
  4117 | Temple   | Entered the Ecumenical Temple
  4127 | D:6      | Reached skill level 5 in Fighting
  4206 | D:6      | Noticed Eustachio
  4270 | D:6      | Killed Eustachio
  4635 | D:1      | Bought a +1 pair of boots of flying for 165 gold pieces
  4658 | D:2      | Noticed Natasha
  4662 | D:2      | Killed Natasha
  5444 | D:7      | Noticed Maggie
  5459 | D:7      | Killed Maggie
  5515 | D:7      | Noticed Joseph
  5533 | D:7      | Killed Joseph
  5534 | D:7      | Gained mutation: You regenerate health from kills. [demonic
                  | ancestry]
  5534 | D:7      | Reached XP level 9. HP: 46/71 MP: 9/9
  6591 | D:8      | Reached skill level 10 in Unarmed Combat
  7017 | D:8      | Found a staircase to the Lair.
  7074 | D:9      | Reached skill level 1 in Dodging
  7074 | D:9      | Reached skill level 1 in Evocations
  7145 | D:9      | Found Cenin's Magic Scroll Boutique.
  7150 | D:9      | Bought a scroll of fog for 56 gold pieces
  7247 | D:9      | Gained mutation: You may rarely emit foul miasma when
                  | damaged in melee. [demonic ancestry]
  7247 | D:9      | Reached XP level 10. HP: 80/80 MP: 10/10
  7326 | D:9      | Found an ornate altar of the Wu Jian Council.
  7334 | D:9      | Became a worshipper of the Wu Jian Council
  7465 | D:9      | Found a broken altar of Ashenzari.
  7627 | D:9      | Found Nuelic's General Store.
  7650 | D:9      | Bought a scroll of identify for 22 gold pieces
  7650 | D:9      | Bought a scroll of teleportation for 33 gold pieces
  7689 | D:9      | Found a shadowy altar of Dithmenos.
  7847 | D:10     | Entered Level 10 of the Dungeon
  8092 | D:10     | Reached * piety under Wu Jian
  8206 | D:10     | Found a snail-covered altar of Cheibriados.
  8457 | D:10     | Found a basalt altar of Yredelemnul.
  8457 | D:10     | Found a burning altar of Makhleb.
  8572 | Lair:1   | Entered Level 1 of the Lair of Beasts
  8572 | Lair:1   | Noticed a five-headed hydra
  8577 | Lair:1   | Killed a five-headed hydra
  8826 | Lair:1   | Gained mutation: You sometimes emit foul miasma when
                  | damaged in melee. [demonic ancestry]
  8826 | Lair:1   | Reached XP level 11. HP: 84/87 MP: 11/11
  9047 | Lair:1   | Reached skill level 5 in Armour
 10164 | Lair:2   | Reached skill level 5 in Evocations
 10171 | Lair:2   | Reached ** piety under Wu Jian
 10368 | Lair:2   | Noticed an oklob plant
 10368 | Lair:2   | Noticed a boulder beetle
 10850 | Lair:2   | Found a shadowy altar of Dithmenos.
 11321 | Lair:3   | Noticed Nessos
 11337 | Lair:3   | Killed Nessos
 11338 | Lair:3   | Reached skill level 5 in Dodging
 11581 | Lair:3   | Reached XP level 12. HP: 44/97 MP: 12/12
 11824 | Lair:3   | Noticed a death yak
 11825 | Lair:3   | Noticed a death yak
 11842 | Lair:3   | Killed a death yak
 11843 | Lair:3   | Noticed a death yak
 11846 | Lair:3   | Noticed a death yak
 11849 | Lair:3   | Noticed a death yak
 11851 | Lair:3   | Noticed a death yak
 11852 | Lair:3   | Killed a death yak
 11862 | Lair:3   | Killed a death yak
 11863 | Lair:3   | Reached skill level 10 in Fighting
 11868 | Lair:3   | Killed a death yak
 11881 | Lair:3   | Killed a death yak
 11894 | Lair:3   | Killed a death yak
 12023 | Lair:3   | Identified the +0 scale mail "Empir" {rC+ Regen+ Str-2
                  | Int+3}
 12075 | Lair:3   | Found a hole to the Spider Nest.
 12134 | Lair:3   | Found a staircase to the Shoals.
 12256 | Lair:3   | Reached *** piety under Wu Jian
 12314 | Lair:3   | Found a shadowy altar of Dithmenos.
 12959 | Lair:4   | Reached XP level 13. HP: 104/104 MP: 13/13
 13094 | Lair:4   | Found a snail-covered altar of Cheibriados.
 13302 | Lair:4   | Reached **** piety under Wu Jian
 13912 | Lair:5   | Entered Level 5 of the Lair of Beasts
 13969 | Lair:5   | Found a gate leading to a gauntlet.
 13988 | Gauntlet | Entered a Gauntlet
 13988 | Gauntlet | Found a transporter.
 14001 | Gauntlet | Found a transporter.
 14012 | Gauntlet | Found a transporter.
 14017 | Gauntlet | Found a transporter.
 14034 | Gauntlet | Found a transporter.
 14051 | Gauntlet | Noticed a reaper
 14054 | Gauntlet | Found a transporter.
 14062 | Gauntlet | Found a large runed translucent door.
 14073 | Gauntlet | Found a large runed translucent door.
 14074 | Gauntlet | Found a large runed translucent door.
 14074 | Gauntlet | Found a large runed translucent door.
 14075 | Gauntlet | Found a runed translucent gate.
 14076 | Gauntlet | Found a transporter.
 14076 | Gauntlet | Found a runed translucent gate.
 14077 | Gauntlet | Found a runed translucent gate.
 14078 | Gauntlet | Found a large runed translucent door.
 14078 | Gauntlet | Found a large runed translucent door.
 14079 | Gauntlet | Found a large runed translucent door.
 14080 | Gauntlet | Found a large runed translucent door.
 14088 | Gauntlet | Found a transporter.
 14100 | Gauntlet | Found a transporter.
 14104 | Gauntlet | Noticed a quicksilver ooze
 14112 | Gauntlet | Found a transporter.
 14129 | Gauntlet | Found a transporter.
 14146 | Gauntlet | Found a transporter.
 14148 | Gauntlet | Found a transporter.
 14175 | Gauntlet | Found a transporter.
 14175 | Gauntlet | Found a transporter.
 14177 | Gauntlet | Found a transporter.
 14199 | Gauntlet | Found a transporter.
 14275 | Gauntlet | Found a large runed translucent door.
 14275 | Gauntlet | Found a large runed translucent door.
 14275 | Gauntlet | Found a runed translucent door.
 14275 | Gauntlet | Found a runed translucent door.
 14276 | Gauntlet | Found a large runed translucent door.
 14277 | Gauntlet | Found a large runed translucent door.
 14279 | Gauntlet | Found a transporter.
 14307 | Gauntlet | Found a large runed translucent door.
 14307 | Gauntlet | Found a large runed translucent door.
 14308 | Gauntlet | Found a large runed translucent door.
 14309 | Gauntlet | Found a large runed translucent door.
 14635 | Gauntlet | Identified the amulet of the Sun {Acrobat rF+ Str+3 SInv}
 14665 | Gauntlet | Noticed a minotaur
 14676 | Gauntlet | Killed a minotaur
 14857 | Lair:5   | Found a staircase to the Slime Pits.
 15415 | Lair:5   | Noticed a dire elephant
 15415 | Lair:5   | Noticed a dire elephant
 15423 | Lair:5   | Noticed a dire elephant
 15604 | Lair:5   | Gained mutation: Your touch may irresistibly damage your
                  | foes and sap their willpower. [demonic ancestry]
 15604 | Lair:5   | Reached XP level 14. HP: 113/113 MP: 14/14
 16217 | Lair:5   | Saving game... please wait.
 16217 | Lair:5   | Upgraded the game from 0.31-a0-986-g5e6e4ef867 to
                  | 0.31-a0-988-g08d55dae12
 16320 | Lair:5   | Reached skill level 15 in Unarmed Combat
 16580 | D:11     | Noticed Josephine
 16589 | D:11     | Killed Josephine
 16647 | D:11     | Reached ***** piety under Wu Jian
 16648 | D:11     | Reached skill level 1 in Shapeshifting
 16694 | D:11     | Noticed Fannar
 16719 | D:11     | Killed Fannar
 16791 | D:11     | Noticed Maurice
 16794 | D:11     | Maurice stole a staff of earth
 16799 | D:11     | Killed Maurice
 17375 | D:12     | Found a staircase to the Orcish Mines.
 17379 | D:12     | Noticed Nergalle
 17405 | D:12     | Killed Nergalle
 17932 | D:12     | Noticed Gastronok
 18017 | D:12     | Killed Gastronok
 18189 | D:12     | Noticed Erolcha
 18193 | D:12     | Killed Erolcha
 18431 | Orc:1    | Entered Level 1 of the Orcish Mines
 18730 | Orc:1    | Noticed Erica
 18736 | Orc:1    | Killed Erica
 18972 | Orc:2    | Entered Level 2 of the Orcish Mines
 18974 | Orc:2    | Noticed Urug
 18985 | Orc:2    | Killed Urug
 19037 | Orc:2    | Found a staircase to the Elven Halls.
 19132 | Orc:2    | Noticed MrCrawl's ghost (journeyman DrFE)
 19196 | Orc:2    | Found a runed translucent gate.
 19197 | Orc:2    | Found a runed translucent gate.
 19198 | Orc:2    | Found a runed translucent gate.
 19322 | Orc:2    | Noticed Saint Roka
 19332 | Orc:2    | Killed Saint Roka
 19333 | Orc:2    | Reached skill level 5 in Shapeshifting
 19333 | Orc:2    | Reached XP level 15. HP: 122/122 MP: 15/15
 19554 | Orc:2    | Found Nitege's Assorted Antiques.
 19555 | Orc:2    | Found Lesassos's Armour Emporium.
 19555 | Orc:2    | Found Nohehaw's Distillery.
 19556 | Orc:2    | Found Avuixzie's Armour Emporium.
 19567 | Orc:2    | Bought a scroll labelled QUOKHL IROABI for 41 gold pieces
 19569 | Orc:2    | Bought a potion of mutation for 128 gold pieces
 19569 | Orc:2    | Bought a potion of might for 64 gold pieces
 19569 | Orc:2    | Bought 2 potions of might for 128 gold pieces
 19569 | Orc:2    | Bought a potion of heal wounds for 80 gold pieces
 19569 | Orc:2    | Bought 3 potions of heal wounds for 240 gold pieces
 19650 | Orc:2    | Killed MrCrawl's ghost
 20104 | D:13     | Identified a scroll of acquirement
 20184 | D:13     | Reached skill level 10 in Armour
 21181 | D:14     | Found a frozen archway.
 21192 | D:14     | Reached ****** piety under Wu Jian
 21241 | IceCv    | Entered an ice cave
 21857 | IceCv    | Noticed an Ice Fiend
 21857 | IceCv    | Noticed an Ice Fiend
 21871 | IceCv    | Killed an Ice Fiend
 22023 | IceCv    | Killed an Ice Fiend
 22030 | IceCv    | Identified the +2 pair of gloves of Snakes and Ladders
                  | {Will+ rCorr}
 22411 | D:14     | Found a stormy altar of Qazlal.
 22849 | D:14     | Gained mutation: You are partially covered in large bone
                  | plates. (SH +4) [demonic ancestry]
 22849 | D:14     | Reached XP level 16. HP: 131/131 MP: 16/16
 22931 | D:14     | Found a gate to the Vaults.
 23195 | Spider:1 | Entered Level 1 of the Spider Nest
 23537 | Spider:1 | Reached skill level 10 in Dodging
 23924 | Spider:1 | Identified the +2 chain mail "Pisah" {rC+}
 24435 | Spider:2 | Noticed Arachne
 24447 | Spider:2 | Killed Arachne
 26529 | Spider:4 | Entered Level 4 of the Spider Nest
 27227 | Spider:4 | Reached skill level 10 in Shapeshifting
 27358 | Spider:4 | Reached skill level 1 in Throwing
 27473 | Spider:4 | Reached XP level 17. HP: 128/140 MP: 1/17
 28308 | Spider:4 | Got a gossamer rune of Zot
 28410 | Spider:4 | Identified the +0 hat "Jonkat" {Str+2}
 28424 | Spider:4 | Identified the +0 hat "Ugumn" {Harm rF+ Will- Dex+3}
 28877 | D:5      | Killed KineticRobot's ghost
 28984 | D:9      | Bought a scroll of poison for 56 gold pieces
 28984 | D:9      | Bought a scroll of revelation for 105 gold pieces
 28984 | D:9      | Bought a scroll of revelation for 105 gold pieces
 29162 | Orc:2    | Bought a scroll of summoning for 389 gold pieces
 29164 | Orc:2    | Bought a potion of resistance for 160 gold pieces
 29445 | Shoals:1 | Entered Level 1 of the Shoals
 30160 | Shoals:1 | Reached skill level 15 in Fighting
 30703 | Shoals:2 | Reached skill level 5 in Throwing
 31499 | Shoals:3 | Noticed Ilsuiw
 31514 | Shoals:3 | Killed Ilsuiw
 31579 | Shoals:3 | Gained mutation: You frequently emit foul miasma when
                  | damaged in melee. [demonic ancestry]
 31579 | Shoals:3 | Reached XP level 18. HP: 149/149 MP: 18/18
 31589 | Shoals:3 | Noticed Polyphemus
 31608 | Shoals:3 | Killed Polyphemus
 31830 | Shoals:3 | Acquired a manual of Evocations
 31832 | Shoals:3 | Acquired a manual of Dodging
 32253 | Shoals:4 | Entered Level 4 of the Shoals
 32397 | Shoals:4 | Found Cuoster's Weapon Emporium.
 32561 | Shoals:4 | Got a barnacled rune of Zot
 32581 | Shoals:4 | Noticed Louise
 32595 | Shoals:4 | Killed Louise
 32637 | Shoals:4 | Identified the +1 war axe of Kapaffal {flame, rCorr Str+4
                  | Int+2}
 33030 | Shoals:4 | Identified the +9 falchion "Worm's Wrath" {heavy, rC+}
 33459 | Vaults:3 | Identified the "Muont"
 33459 | Desolati | Identified the "Ruesaal"
 33459 | Crypt:3  | Identified the "Namniomo"
 33459 | Elf:1    | Identified the of Ravutan
 33459 | Elf:1    | Identified the of Nypinusa
 33459 | Elf:1    | Entered Level 1 of the Elven Halls
 33523 | Elf:1    | Reached skill level 15 in Shapeshifting
 33653 | Elf:1    | Paralysed by an air elemental for 1 turns
 33676 | Elf:1    | Acquired 836 gold pieces
 33957 | Elf:1    | Learned a level 4 spell: Vhi's Electric Charge
 34072 | Elf:1    | Reached XP level 19. HP: 156/156 MP: 19/19
 34247 | Elf:2    | Found a runed translucent gate.
 34247 | Elf:2    | Found a runed translucent gate.
 34277 | Elf:2    | Reached skill level 1 in Translocations
 34277 | Elf:2    | Reached skill level 1 in Air Magic
 34296 | Elf:2    | Found a runed translucent gate.
 34685 | Elf:2    | Reached skill level 5 in Shields
 35230 | Elf:3    | Entered Level 3 of the Elven Halls
 35856 | Elf:3    | Found a transporter.
 35891 | Elf:3    | Found a transporter.
 35900 | Elf:3    | Found a transporter.
 35911 | Elf:3    | Found a transporter.
 35915 | Elf:3    | Found a transporter.
 36139 | Elf:3    | Found a radiant altar of Vehumet.
 36283 | Elf:3    | Identified the ring "Taruc" {Fire rElec MP+9 Dex-5}
 36509 | Elf:3    | Identified the +4 ring mail of Abstinence {rPois rC+}
 36592 | Elf:3    | Identified the +0 ring mail "Oqompih" {rCorr Int-2 Dex+3}
 36692 | Elf:3    | Identified the +2 chain mail of the Snake Pit {rElec
                  | Will++}
 36692 | Elf:3    | Identified the ring of Qeduaz {rPois rN+ Will- Dex+4}
 37016 | Elf:3    | Found a transporter.
 37198 | Vaults:1 | Entered Level 1 of the Vaults
 37231 | Vaults:1 | You are sucked into a shaft and drop 1 floor!
 37235 | Vaults:2 | Found Rojadoir's Antique Weapon Shoppe.
 37276 | Vaults:2 | Reached skill level 5 in Translocations
 37276 | Vaults:2 | Reached skill level 5 in Air Magic
 37277 | Vaults:2 | Gained mutation: You are mostly covered in large bone
                  | plates. (SH +6) [demonic ancestry]
 37277 | Vaults:2 | Reached XP level 20. HP: 153/163 MP: 20/20
 37445 | Vaults:2 | Learned a level 4 spell: Manifold Assault
 37713 | Vaults:2 | Found a runed translucent door.
 37917 | Vaults:1 | Identified the +10 plate armour of Rotten Freedom {Rampage
                  | Str+3}
 38231 | Vaults:1 | Noticed Nikola
 38237 | Vaults:1 | Killed Nikola
 38398 | Vaults:1 | Reached skill level 1 in Spellcasting
 38917 | Vaults:1 | Found Eclar's Magic Scroll Shop.
 38940 | Vaults:1 | Bought a scroll of revelation for 157 gold pieces
 38940 | Vaults:1 | Bought a scroll of teleportation for 63 gold pieces
 38940 | Vaults:1 | Bought a scroll of blinking for 157 gold pieces
 39205 | Vaults:2 | Found a staircase to the Crypt.
 39760 | Vaults:2 | Noticed Aceje Mir's ghost (adept AtMo)
 39785 | Vaults:2 | Killed Aceje Mir's ghost
 39899 | Vaults:3 | Gained mutation: You are completely covered in large bone
                  | plates. (SH +8) [demonic ancestry]
 39899 | Vaults:3 | Reached XP level 21. HP: 169/169 MP: 26/26
 39910 | Vaults:3 | Found a runed translucent door.
 39910 | Vaults:3 | Noticed Fubrub's ghost (veteran GnWr)
 39928 | Vaults:3 | Killed Fubrub's ghost
 40391 | Vaults:3 | Noticed Norris
 40400 | Vaults:3 | Killed Norris
 40503 | Vaults:3 | Reached skill level 5 in Spellcasting
 41144 | Vaults:4 | Found a crumbling gateway.
 41160 | Desolati | Entered the Desolation of Salt
 41260 | Desolati | Found the +2 hood of the Assassin {Detect Stab+ Stlth++}
 41518 | Desolati | Found the +4 robe of Folly {Brill Will-∞ Int+8}
 41529 | Desolati | Identified the +0 scale mail of Utaaryov {+Blink +Inv Int-5
                  | SInv}
 41565 | Desolati | Identified the ring "Yhoeton" {rN+ rCorr Dex+3}
 41765 | Desolati | Identified the +11 rapier of the Ten Visions {spect, Str+5}
 41887 | Desolati | Identified the ring "Fogoi" {rPois rC+ Will+ Str+3}
 42082 | Vaults:4 | Gained mutation: Your magical and physical power is
                  | slightly enhanced at high health. [demonic ancestry]
 42082 | Vaults:4 | Reached XP level 22. HP: 176/176 MP: 32/32
 42140 | Vaults:4 | Identified the +1 war axe "Kiuwoan" {holy, rF+ rC+ Str+3}
 42700 | Vaults:4 | Identified the +1 pair of gloves of Sankipp {rF+ rC+}
 42981 | Vaults:4 | Found Awausaiw's Jewellery Shoppe.
 43077 | Vaults:5 | Entered Level 5 of the Vaults
 43079 | Vaults:5 | Noticed a golden dragon
 43089 | Vaults:5 | Killed a golden dragon
 43103 | Vaults:5 | Noticed a dread lich
 43116 | Vaults:5 | Killed a dread lich
 43117 | Vaults:5 | Reached skill level 10 in Translocations
 43117 | Vaults:5 | Reached skill level 10 in Air Magic
 43248 | Vaults:5 | Found the ring of the Mage {Wiz Archmagi}
 43319 | Vaults:5 | Identified the +9 storm dragon scales of Proximity {rElec
                  | Will+ Int+2}
 43321 | Vaults:5 | Found the +9 scales of the Dragon King {rPois rF+ rC+
                  | Will+}
 43324 | Vaults:5 | Identified the +2 pair of boots "Xuagaf" {Fly rN+}
 43343 | Vaults:5 | Identified the +5 trident of Entrepreneurial Spirit {heavy,
                  | rC+ Will+}
 43397 | Vaults:5 | Identified the +8 hand axe of Nihuuror {freeze, rElec MP+9
                  | Dex+5}
 43411 | Vaults:5 | Identified the ring "Kuiluaby" {rCorr Int+2 Stlth+}
 43429 | Vaults:5 | Noticed Jory
 43439 | Vaults:5 | Killed Jory
 43439 | Vaults:5 | Noticed a golden dragon
 43449 | Vaults:5 | Killed a golden dragon
 43605 | Vaults:5 | Identified the staff of Brawling {rElec rPois MP+9 Poison}
 44271 | Vaults:5 | Identified the +1 ring mail of the Eternal Fruit {+Inv}
 44495 | Vaults:5 | Gained mutation: Your magical and physical power is
                  | enhanced at high health. [demonic ancestry]
 44495 | Vaults:5 | Reached XP level 23. HP: 182/182 MP: 35/35
 44846 | Vaults:5 | Identified the +10 scimitar "Zepa Paa" {flame, Will- Int+5
                  | Dex+2}
 44854 | Vaults:5 | Identified the ring of Kijoblaa {Drain +Blink rF+ Dex+6
                  | Slay+3}
 44865 | Vaults:5 | Got a silver rune of Zot
 45072 | Vaults:5 | Identified the ring "Umpeajy" {Fly rElec}
 45362 | D:15     | Entered Level 15 of the Dungeon
 45365 | D:15     | Found a staircase to the Depths.
 45738 | D:15     | Found a shimmering altar of Xom.
 45739 | D:15     | Found a shimmering altar of Xom.
 45740 | D:15     | Found a shimmering altar of Xom.
 45741 | D:15     | Found a shimmering altar of Xom.
 45994 | Depths:1 | Entered Level 1 of the Depths
 46339 | Depths:1 | Found a one-way gate to the infinite horrors of the Abyss.
 46710 | Depths:1 | You are sucked into a shaft and drop 1 floor!
 46711 | Depths:2 | Found a hide-covered altar of Uskayaw.
 46737 | Depths:2 | Found a gateway to Hell.
 46864 | Depths:2 | Found Canofyo's Magic Scroll Emporium.
 46872 | Depths:2 | Bought a scroll of revelation for 127 gold pieces
 46872 | Depths:2 | Bought a scroll of fear for 68 gold pieces
 47082 | Depths:2 | Found a one-way gate leading to the halls of Pandemonium.
 47153 | Depths:2 | Found a runed translucent door.
 47153 | Depths:2 | Noticed a caustic shrike
 47153 | Depths:2 | Noticed a caustic shrike
 47162 | Depths:2 | Killed a caustic shrike
 47163 | Depths:2 | Killed a caustic shrike
 47194 | Depths:2 | Found a runed translucent door.
 47211 | Depths:2 | Reached skill level 10 in Spellcasting
 47216 | Depths:2 | Noticed a caustic shrike
 47217 | Depths:2 | Noticed a caustic shrike
 47417 | Depths:2 | Identified the +1 plate armour of Philately {rF++ rN++
                  | Int-5}
 48655 | Depths:3 | Identified the +5 spear of Dirtsage's Death {heavy, rN+}
 48700 | Depths:3 | Found a one-way gateway to a ziggurat.
 49103 | Depths:3 | Noticed Sojobo
 49113 | Depths:3 | Killed Sojobo
 49136 | Depths:3 | Reached XP level 24. HP: 154/189 MP: 25/37
 49212 | Depths:3 | Identified the amulet "Duah" {Spirit Str-2 Int-4 Dex+9}
 49603 | Depths:4 | Entered Level 4 of the Depths
 50147 | Depths:4 | Noticed a juggernaut
 50153 | Depths:4 | Killed a juggernaut
 50275 | Depths:4 | Found Abock's General Store.
 50278 | Depths:4 | Found Oredin's Book Shop.
 50278 | Depths:4 | Found Reigem's Book Boutique.
 50282 | Depths:4 | Found Zes Jixku's Weapon Shop.
 50311 | Depths:4 | Noticed Mennas
 50323 | Depths:4 | Killed Mennas
 50690 | Depths:4 | Found an iron altar of Okawaru.
 50989 | Depths:4 | Found a gate to the Realm of Zot.
 51423 | D:14     | Learned a level 1 spell: Apportation
 51663 | Slime:1  | Entered Level 1 of the Pits of Slime
 51693 | Slime:2  | Reached skill level 1 in Stealth
 52165 | Slime:5  | Identified the "Neojamne"
 52165 | Slime:5  | Entered Level 5 of the Pits of Slime
 52294 | Slime:5  | Noticed the Royal Jelly
 52315 | Slime:5  | Killed the Royal Jelly
 52406 | Slime:5  | Got a slimy rune of Zot
 52407 | Slime:5  | Identified the staff "Koisk" {Drain rElec rC+ rN+ Int+2
                  | Necro}
 52609 | Slime:5  | Identified the +9 broad axe of Midsummer {heavy, rN+}
 52645 | Slime:5  | Identified the +1 scale mail "Elonwuip" {Harm Drain rElec
                  | rC+++}
 52687 | Slime:5  | Identified the ring of Fragile Peace {Will+ rCorr MP+9}
 52698 | Slime:5  | Identified the +1 orcbow "Jegequr" {antimagic, +Blink
                  | Will+}
 52703 | Slime:5  | Identified the +7 shortbow "Dellaux" {drain, rPois rCorr
                  | Int+3 Stlth+}
 53401 | Depths:1 | Voluntarily entered the Abyss.
 53447 | Abyss:1  | Paralysed by accursed screaming for 1 turns
 53928 | Abyss:2  | Paralysed by accursed screaming for 1 turns
 53976 | Abyss:2  | Reached XP level 25. HP: 189/197 MP: 18/37
 54079 | Abyss:2  | Found a corrupted altar of Lugonu.
 54079 | Abyss:2  | Found a corrupted altar of Lugonu.
 54146 | Abyss:2  | Noticed a dread lich
 54150 | Abyss:2  | Killed a dread lich
 54235 | Abyss:2  | Found a corrupted altar of Lugonu.
 54235 | Abyss:2  | Found a corrupted altar of Lugonu.
 54235 | Abyss:2  | Found a corrupted altar of Lugonu.
 54242 | Abyss:2  | Found a corrupted altar of Lugonu.
 54261 | Depths:1 | Escaped the Abyss
 54265 | Depths:1 | Voluntarily entered the Abyss.
 54454 | Abyss:2  | Identified the "Rotur"
 54565 | Abyss:2  | Found a corrupted altar of Lugonu.
 55333 | Abyss:2  | Found a corrupted altar of Lugonu.
 55530 | Abyss:2  | Found a corrupted altar of Lugonu.
 55558 | Abyss:2  | Noticed a dread lich
 55565 | Abyss:2  | Killed a dread lich
 55566 | Abyss:2  | Found a corrupted altar of Lugonu.
 55998 | Abyss:2  | Found a corrupted altar of Lugonu.
 56041 | Abyss:2  | Found a corrupted altar of Lugonu.
 56320 | Abyss:3  | Reached skill level 5 in Stealth
 56335 | Abyss:3  | Noticed an ancient lich
 56341 | Abyss:3  | Killed an ancient lich
 56523 | Abyss:3  | Found a corrupted altar of Lugonu.
 56551 | Abyss:4  | Found a corrupted altar of Lugonu.
 56598 | Abyss:4  | Got an abyssal rune of Zot
 56691 | Abyss:4  | Found a corrupted altar of Lugonu.
 56971 | Abyss:4  | Gained mutation: You regenerate a lot of health from kills.
                  | [demonic ancestry]
 56971 | Abyss:4  | Reached XP level 26. HP: 206/206 MP: 38/38
 57081 | Abyss:4  | Found a corrupted altar of Lugonu.
 57081 | Abyss:4  | Found a transporter.
 57087 | Abyss:4  | Learned a level 2 spell: Passwall
 57130 | Abyss:4  | Reached skill level 1 in Earth Magic
 57161 | Abyss:4  | Found a corrupted altar of Lugonu.
 57162 | Abyss:4  | Found a transporter.
 57172 | Abyss:4  | Found a corrupted altar of Lugonu.
 57177 | Abyss:4  | Paralysed by accursed screaming for 1 turns
 57186 | Abyss:4  | Paralysed by accursed screaming for 2 turns
 57231 | Abyss:4  | Identified the amulet of Ajuen {Spirit rElec rC- rCorr
                  | Slay-5}
 57359 | Abyss:4  | Found a transporter.
 57383 | Abyss:4  | Reached skill level 5 in Earth Magic
 57423 | Abyss:4  | Noticed an ancient lich
 57438 | Abyss:4  | Killed an ancient lich
 57612 | Abyss:4  | Noticed a dread lich
 57612 | Abyss:4  | Paralysed by accursed screaming for 1 turns
 57617 | Abyss:4  | Paralysed by accursed screaming for 1 turns
 57621 | Abyss:4  | Killed a dread lich
 57662 | Abyss:4  | Found a corrupted altar of Lugonu.
 57779 | Abyss:4  | Found a corrupted altar of Lugonu.
 57929 | Abyss:4  | Paralysed by accursed screaming for 1 turns
 57934 | Abyss:4  | Paralysed by accursed screaming for 1 turns
 58015 | Depths:1 | Escaped the Abyss
 58025 | Depths:1 | Gained mutation: You have hidden genetic defects. [potion
                  | of mutation]
 58026 | Depths:1 | Lost mutation: You have hidden genetic defects. [potion of
                  | mutation]
 58026 | Depths:1 | Gained mutation: You are clumsy. (Dex -2) [potion of
                  | mutation]
 58026 | Depths:1 | Gained mutation: You are weak. (Str -2) [potion of
                  | mutation]
 58027 | Depths:1 | Lost mutation: You are clumsy. (Dex -2) [potion of
                  | mutation]
 58027 | Depths:1 | Lost mutation: You are weak. (Str -2) [potion of mutation]
 58027 | Depths:1 | Gained mutation: You expend magic power (3 MP) to
                  | strengthen your wands. [potion of mutation]
 58027 | Depths:1 | Gained mutation: You are vulnerable to cold. (rC-) [potion
                  | of mutation]
 58028 | Depths:1 | Lost mutation: You are vulnerable to cold. (rC-) [potion of
                  | mutation]
 58028 | Depths:1 | Lost mutation: You expend magic power (3 MP) to strengthen
                  | your wands. [potion of mutation]
 58028 | Depths:1 | Gained mutation: You are strong-willed. (Will+) [potion of
                  | mutation]
 58028 | Depths:1 | Gained mutation: You have a pair of small antennae on your
                  | head. [potion of mutation]
 58029 | Depths:1 | Lost mutation: You have a pair of small antennae on your
                  | head. [potion of mutation]
 58029 | Depths:1 | Lost mutation: You are strong-willed. (Will+) [potion of
                  | mutation]
 58029 | Depths:1 | Gained mutation: You are frail. (-10% HP) [potion of
                  | mutation]
 58029 | Depths:1 | Gained mutation: You have a pair of small horns on your
                  | head. [potion of mutation]
 58030 | Depths:1 | Lost mutation: You are frail. (-10% HP) [potion of
                  | mutation]
 58030 | Depths:1 | Lost mutation: You have a pair of small horns on your head.
                  | [potion of mutation]
 58030 | Depths:1 | Gained mutation: You do not regenerate when monsters are
                  | visible. [potion of mutation]
 58030 | Depths:1 | Gained mutation: You are strong-willed. (Will+) [potion of
                  | mutation]
 58031 | Depths:1 | Lost mutation: You are strong-willed. (Will+) [potion of
                  | mutation]
 58031 | Depths:1 | Lost mutation: You do not regenerate when monsters are
                  | visible. [potion of mutation]
 58031 | Depths:1 | Gained mutation: You are clumsy. (Dex -2) [potion of
                  | mutation]
 58031 | Depths:1 | Gained mutation: Your natural rate of healing is unusually
                  | fast. [potion of mutation]
 58220 | Crypt:1  | Entered Level 1 of the Crypt
 58230 | Crypt:1  | Reached skill level 10 in Shields
 59372 | Crypt:2  | Gained mutation: Your magical and physical power is greatly
                  | enhanced at high health. [demonic ancestry]
 59372 | Crypt:2  | Reached XP level 27. HP: 215/215 MP: 39/39
 59671 | Crypt:2  | Reached skill level 10 in Earth Magic
 59678 | Crypt:2  | Found an ancient bone altar of Kikubaaqudgha.
 59735 | Crypt:2  | Found a basalt altar of Yredelemnul.
 59928 | Crypt:3  | Entered Level 3 of the Crypt
 59928 | Crypt:3  | Noticed Vv
 59945 | Crypt:3  | Killed Vv
 60102 | Crypt:3  | Identified the +1 robe of Immorality {Contam Str+3 Int+2
                  | Archmagi}
 60314 | Crypt:3  | Identified the ring "Laypna" {rElec Str+2 Dex+3 Slay+4
                  | SInv}
 60507 | Crypt:3  | Noticed Boris
 60515 | Crypt:3  | Killed Boris
 60627 | Crypt:3  | Reached skill level 1 in Transmutations
 60768 | Crypt:3  | Found an ancient bone altar of Kikubaaqudgha.
 60815 | Crypt:3  | Noticed a dread lich
 60820 | Crypt:3  | Killed a dread lich
 60821 | Crypt:3  | Reached skill level 15 in Dodging
 61008 | Crypt:3  | Noticed Grunn
 61023 | Crypt:3  | Killed Grunn
 61204 | Crypt:3  | Found a staircase to the Tomb.
 61252 | Crypt:3  | Noticed an ancient lich
 61258 | Crypt:3  | Killed an ancient lich
 61643 | Tomb:3   | Identified the of Luibbo Faazi
 61643 | Tar:7    | Identified the "Apyq"
 61643 | Tar:7    | Identified the "Yloitolat"
 61643 | Tar:7    | Identified the "Ulorof"
 61643 | Tar:7    | Identified the "Vumpumas"
 61643 | Dis:7    | Identified the "Newnaim"
 61643 | Dis:7    | Identified the of Xeiwedosk
 61643 | Dis:7    | Identified the "Fealinucewn"
 61643 | Dis:7    | Identified the of Faigg
 61643 | Pan      | Entered Pandemonium
 61782 | Pan      | Noticed Tumo the pandemonium lord
 61804 | Pan      | Killed Tumo the pandemonium lord
 62519 | Pan      | Identified the ring "Coxuareo" {rF++ Str+6 Int+6 Dex+2}
 62539 | Pan      | Noticed Syanwuir the pandemonium lord
 62548 | Pan      | Killed Syanwuir the pandemonium lord
 62710 | Pan      | Learned a level 2 spell: Wereblood
 63378 | Pan      | Noticed Qehuczon the pandemonium lord
 63389 | Pan      | Killed Qehuczon the pandemonium lord
 63732 | Pan      | Entered the realm of Mnoleg.
 64059 | Pan      | Found an exit through the horrors of the Abyss.
 64437 | Pan      | Noticed Mnoleg
 64457 | Pan      | Killed Mnoleg
 64498 | Pan      | Got a glowing rune of Zot
 64717 | Pan      | Found a transporter.
 64896 | Pan      | Identified the +6 great sword "Qarr" {elec, rCorr}
 64929 | Pan      | Found a transporter.
 65067 | Pan      | Identified the ring of Ycekorim {Wiz rPois rN+ Int+8
                  | Stlth+}
 65076 | Pan      | Identified the amulet "Ydotorgh" {Reflect +Blink SH+5}
 65306 | Pan      | Found a huge runed translucent gate.
 65309 | Pan      | Found a huge runed translucent gate.
 65310 | Pan      | Found a huge runed translucent gate.
 65310 | Pan      | Found a huge runed translucent gate.
 65310 | Pan      | Found a huge runed translucent gate.
 65310 | Pan      | Found a huge runed translucent gate.
 65312 | Pan      | Found a huge runed translucent gate.
 65621 | Pan      | Noticed Feeph the pandemonium lord
 65639 | Pan      | Killed Feeph the pandemonium lord
 65813 | Pan      | Reached skill level 15 in Armour
 65895 | Pan      | Found an exit through the horrors of the Abyss.
 66444 | Pan      | Found an exit through the horrors of the Abyss.
 66521 | Pan      | Entered the realm of Gloorx Vloq.
 66721 | Pan      | Noticed Gloorx Vloq
 66740 | Pan      | Killed Gloorx Vloq
 66746 | Pan      | Got a dark rune of Zot
 67136 | Pan      | Found an exit through the horrors of the Abyss.
 67146 | Pan      | Identified the +5 sling of Redeetal {freeze, rElec Int+2}
 67566 | Pan      | Found an exit through the horrors of the Abyss.
 67663 | Pan      | Noticed Zidduez the pandemonium lord
 67673 | Abyss:4  | Found a corrupted altar of Lugonu.
 67673 | Abyss:4  | Cast into level 4 of the Abyss (demonspawn warmonger)
 67698 | Abyss:4  | Found a corrupted altar of Lugonu.
 67719 | Pan      | Escaped the Abyss
 67750 | Pan      | Killed Zidduez the pandemonium lord
 67826 | Pan      | Got a demonic rune of Zot
 68166 | Pan      | Found an exit through the horrors of the Abyss.
 68277 | Pan      | Noticed Xosm the pandemonium lord
 68293 | Pan      | Killed Xosm the pandemonium lord
 68294 | Pan      | Reached skill level 15 in Spellcasting
 68760 | Pan      | Identified the "Udwuren"
 68760 | Pan      | Noticed Texyt Afaz the pandemonium lord
 68781 | Pan      | Killed Texyt Afaz the pandemonium lord
 68803 | Pan      | Found an exit through the horrors of the Abyss.
 69294 | Pan      | Noticed Voicwy Suqigg the pandemonium lord
 69309 | Pan      | Killed Voicwy Suqigg the pandemonium lord
 69362 | Pan      | Found a runed translucent door.
 69367 | Pan      | Identified the "Gaenkix"
 69367 | Pan      | Identified the "Josk"
 69367 | Pan      | Entered the realm of Cerebov.
 69567 | Pan      | Identified the +9 short sword of Ru's Outrage {protect,
                  | Dex+5}
 69578 | Pan      | Identified the +1 falchion of Valiance {heavy, rElec rC-
                  | Str+2}
 69627 | Pan      | Identified the +0 plate armour of Philately {Will++}
 69630 | Pan      | Identified the +2 leather armour "Dikeguh" {Str+3}
 69657 | Pan      | Identified the +5 kite shield of Beyond {Will++}
 69680 | Pan      | Found the +6 sword of Cerebov {flame}
 69680 | Pan      | Noticed Cerebov
 69709 | Pan      | Killed Cerebov
 69804 | Pan      | Identified the +7 shortbow "Otwedwix" {antimagic, rPois
                  | Str+2 Dex-4}
 69825 | Pan      | Got a fiery rune of Zot
 69848 | Pan      | Identified the +10 shortbow of Evil {flame, rElec rN+++
                  | Int+8 Dex-2}
 69851 | Pan      | Identified the +2 glaive "Hata Vem" {heavy, Will- Int+4
                  | Dex+6}
 70612 | Pan      | Identified the "Xoriraw"
 70912 | Depths:2 | Escaped Pandemonium
 70916 | Pan      | Entered the realm of Lom Lobon.
 70916 | Pan      | Entered Pandemonium
 71194 | Pan      | Noticed Lom Lobon
 71222 | Pan      | Killed Lom Lobon
 71339 | Pan      | Got a magical rune of Zot
 72061 | Pan      | Noticed Qesoestro the pandemonium lord
 72075 | Pan      | Killed Qesoestro the pandemonium lord
 72352 | Depths:2 | Escaped Pandemonium
 72402 | Hell     | Entered the Vestibule of Hell
 72404 | Hell     | Noticed Geryon
 72480 | Hell     | Killed Geryon
 72504 | Hell     | Found a gateway to the Iron City of Dis.
 72582 | Hell     | Found a gateway to the decaying netherworld of Tartarus.
 72654 | Hell     | Found a gateway to the ashen valley of Gehenna.
 72800 | Hell     | Found a gateway to the freezing wastes of Cocytus.
 72990 | Tar:1    | Entered Level 1 of Tartarus
 74169 | Tar:7    | Entered Level 7 of Tartarus
 75016 | Tar:7    | Noticed Ereshkigal
 75043 | Tar:7    | Killed Ereshkigal
 75104 | Tar:7    | Got a bone rune of Zot
 75593 | Tar:7    | Reached skill level 15 in Shields
 76196 | Tar:7    | Identified the +7 scimitar "Koemadia" {flame, Will+}
 76762 | Tar:7    | Identified the staff of Duty {*Corrode rElec rPois Str+3
                  | Summ Air}
 76849 | Tar:7    | Identified the +2 cloak of the Fife {rPois Will+ Slay+2}
 76866 | Tar:7    | Identified the +7 sling of Misyggy {speed, rPois Dex+5}
 77116 | Pan      | Identified the "Laum Sych"
 77116 | Zig:1    | Entered Level 1 of a ziggurat
 77131 | Zig:2    | Entered Level 2 of a ziggurat
 77142 | Zig:2    | Identified the +7 sling "Lyngicar" {freeze, Str+3}
 77153 | Zig:3    | Entered Level 3 of a ziggurat
 77284 | Zig:3    | Identified the +1 great sword "Lin Waa" {vamp, Dex+4}
 77291 | Zig:4    | Entered Level 4 of a ziggurat
 77291 | Zig:4    | Found the +2 Maxwell's thermic engine {flame, freeze, rev}
 77322 | Zig:5    | Entered Level 5 of a ziggurat
 77351 | Zig:5    | Learned a level 6 spell: Conjure Ball Lightning
 77376 | Zig:6    | Entered Level 6 of a ziggurat
 77381 | Zig:6    | Noticed Plog the pandemonium lord
 77386 | Zig:6    | Killed Plog the pandemonium lord
 77399 | Zig:6    | Identified the ring of Iririwk {Wiz rElec Will+ Dex+5}
 77420 | Zig:6    | Reached skill level 5 in Conjurations
 77500 | Zig:7    | Identified the "Xiat"
 77500 | Zig:7    | Entered Level 7 of a ziggurat
 77592 | Zig:8    | Entered Level 8 of a ziggurat
 77737 | Zig:8    | Identified the +8 quarterstaff of the Lesser Evil {freeze,
                  | Str+4}
 77738 | Zig:8    | Identified the ring "Lepnuvoq" {rCorr Str+2 Dex+2}
 77780 | Zig:9    | Entered Level 9 of a ziggurat
 77834 | Zig:9    | Identified the ring of the Original Sin {Will- rCorr Dex+6
                  | SInv}
 77841 | Zig:9    | Identified the +1 scale mail "Etasm" {*Slow rF++ Int-3
                  | Dex+4}
 77901 | Zig:10   | Entered Level 10 of a ziggurat
 77916 | Zig:10   | Noticed a dread lich
 77916 | Zig:10   | Noticed a dread lich
 77920 | Zig:10   | Reached skill level 15 in Air Magic
 77920 | Zig:10   | Found the +5 scythe "Finisher" {speed, execute}
 77920 | Zig:10   | Found the +3 salamander hide armour {Flames, rFlCloud rF++
                  | rC--}
 77927 | Zig:10   | Killed a dread lich
 77931 | Zig:10   | Killed a dread lich
 77958 | Zig:10   | Identified the ring "Daitoc" {rCorr Int+4}
 78005 | Zig:11   | Entered Level 11 of a ziggurat
 78148 | Zig:11   | Identified the +5 scale mail of Qoduump {Rampage rF+ Int+3
                  | Dex+3}
 78157 | Zig:11   | Identified the +0 cloak of the Minstrel {Fly Slay+2 SInv}
 78171 | Zig:11   | Identified the +6 bardiche of Balance {heavy, rElec rC+ rN+
                  | Int+2}
 78202 | Zig:12   | Identified the "Tijoiwko"
 78202 | Zig:12   | Entered Level 12 of a ziggurat
 78211 | Zig:12   | Noticed Wumouz the pandemonium lord
 78231 | Zig:12   | Killed Wumouz the pandemonium lord
 78256 | Zig:12   | Identified the +3 great sword "Lolaesesm" {heavy, rC+}
 78259 | Zig:12   | Identified the +1 pair of gloves of Oseorph {rF+ rN+}
 78267 | Zig:13   | Entered Level 13 of a ziggurat
 78331 | Zig:13   | Identified the +1 sling "Goyc" {antimagic, rElec}
 78338 | Zig:13   | Identified the +5 hand axe of Okawaru, Shouting {spect,
                  | Dex+5}
 78380 | Zig:14   | Identified the of Bousk
 78380 | Zig:14   | Identified the "Akhipn"
 78380 | Zig:14   | Entered Level 14 of a ziggurat
 78497 | Zig:14   | Identified the +2 leather armour "Jeqas" {Contam Harm rN++
                  | MP+9}
 78505 | Zig:14   | Identified the +7 battleaxe "Giant's Bane" {flame, Will+
                  | Stlth+}
 78507 | Zig:14   | Identified the ring "Xerr" {rElec Will+}
 78512 | Zig:14   | Identified the +7 falchion of the Dead {drain, Dex+2}
 78517 | Zig:14   | Identified the ring "Bagi" {rN++ Will+ Dex-4}
 78526 | Zig:15   | Entered Level 15 of a ziggurat
 78610 | Zig:15   | Reached skill level 10 in Conjurations
 78616 | Zig:15   | Identified the +4 quarterstaff of Karma {heavy, rElec}
 78619 | Zig:15   | Identified the amulet of the Sky {rElec Regen+ Str+5}
 78680 | Zig:16   | Entered Level 16 of a ziggurat
 78734 | Zig:16   | Paralysed by an air elemental for 1 turns
 78966 | Zig:16   | Identified the staff "Gabbas" {rElec rC+ Ice}
 78975 | Zig:16   | Saving game... please wait.
 78983 | Zig:16   | Identified the staff "Enodalou" {rElec Int+4 Air}
 79041 | Zig:17   | Identified the "Uzoxzen"
 79041 | Zig:17   | Entered Level 17 of a ziggurat
 79112 | Zig:17   | Found the amulet of the Four Winds {rN+ Will+++ Clar}
 79144 | Zig:17   | Identified the staff "Jimeutt" {rElec Dex+3 Air}
 79227 | Zig:18   | Entered Level 18 of a ziggurat
 79330 | Zig:18   | Found the amulet of Vitality {RegenMP++ Regen++}
 79330 | Zig:18   | Found the +4 Cigotuvi's embrace {Corpsefed rMiasma Drain
                  | rN+}
 79536 | Zig:18   | Identified the storm talisman of Eternal Night {+Blink
                  | Stlth+}
 79628 | Zig:19   | Identified the "Ocsoluuj"
 79628 | Zig:19   | Entered Level 19 of a ziggurat
 79640 | Zig:19   | Noticed a royal mummy
 79644 | Zig:19   | Noticed a royal mummy
 79644 | Zig:19   | Noticed a royal mummy
 79647 | Zig:19   | Noticed a royal mummy
 79647 | Zig:19   | Noticed a royal mummy
 79649 | Zig:19   | Noticed a royal mummy
 79649 | Zig:19   | Noticed a royal mummy
 79649 | Zig:19   | Noticed a royal mummy
 79666 | Zig:19   | Killed a royal mummy
 79681 | Zig:19   | Killed a royal mummy
 79722 | Zig:19   | Killed a royal mummy
 79736 | Zig:19   | Killed a royal mummy
 79740 | Zig:19   | Killed a royal mummy
 79742 | Zig:19   | Killed a royal mummy
 79745 | Zig:19   | Killed a royal mummy
 79751 | Zig:19   | Killed a royal mummy
 79796 | Zig:19   | Identified the ring of Kikubaaqudgha's Regard {*Slow MP+9
                  | Str+5 Dex+3}
 79808 | Zig:19   | Identified the staff of Grace {*Corrode rC+ rN+ Str+2
                  | Necro}
 79897 | Zig:20   | Entered Level 20 of a ziggurat
 79915 | Zig:20   | Noticed a royal mummy
 79915 | Zig:20   | Noticed a royal mummy
 79917 | Zig:20   | Noticed a royal mummy
 79917 | Zig:20   | Noticed a royal mummy
 79918 | Zig:20   | Noticed a royal mummy
 79920 | Zig:20   | Noticed a royal mummy
 79920 | Zig:20   | Noticed a royal mummy
 79920 | Zig:20   | Noticed a royal mummy
 79922 | Zig:20   | Killed a royal mummy
 79929 | Zig:20   | Noticed a royal mummy
 79942 | Zig:20   | Killed a royal mummy
 79942 | Zig:20   | Found the ring of Shadows {Umbra +Inv Stlth+}
 79951 | Zig:20   | Killed a royal mummy
 79961 | Zig:20   | Killed a royal mummy
 79967 | Zig:20   | Killed a royal mummy
 79986 | Zig:20   | Killed a royal mummy
 80002 | Zig:20   | Killed a royal mummy
 80006 | Zig:20   | Killed a royal mummy
 80011 | Zig:20   | Killed a royal mummy
 80074 | Zig:20   | Identified the +11 quarterstaff "Qesue" {flame, rC+ Stlth+}
 80089 | Zig:20   | Identified the +2 helmet "Ipsitoph" {Contam rCorr Str+7
                  | Slay+3}
 80126 | Zig:20   | Saving game... please wait.
 80214 | Zig:21   | Identified the "Neyklick"
 80214 | Zig:21   | Identified the "Maux"
 80214 | Zig:21   | Identified the of Deow
 80214 | Zig:21   | Entered Level 21 of a ziggurat
 80344 | Zig:21   | Identified the staff of the Ghost {rPois Dex-5 SInv Earth}
 80350 | Zig:21   | Identified the +3 orcbow of Wuditox {speed, Fragile Dex+4}
 80429 | Zig:22   | Entered Level 22 of a ziggurat
 80494 | Zig:22   | Reached skill level 15 in Conjurations
 80602 | Zig:22   | Found the +3 greatsling "Punk" {acid, rCorr}
 80611 | Zig:22   | Identified the ring of Roham {rF+ Int+6}
 80657 | Zig:23   | Entered Level 23 of a ziggurat
 80763 | Zig:23   | Identified the ring "Hipniqij" {rC- Int-2 Dex+6 Slay+5
                  | Stlth+}
 80791 | Zig:23   | Identified the ring "Siweimme" {Fire Dex+2}
 80905 | Zig:24   | Identified the "Fistrahi"
 80905 | Zig:24   | Identified the "Focad"
 80905 | Zig:24   | Entered Level 24 of a ziggurat
 80925 | Zig:24   | Noticed a royal mummy
 80927 | Zig:24   | Noticed a royal mummy
 80927 | Zig:24   | Noticed a royal mummy
 80927 | Zig:24   | Noticed a royal mummy
 80927 | Zig:24   | Noticed a royal mummy
 80935 | Zig:24   | Killed a royal mummy
 80936 | Zig:24   | Noticed a royal mummy
 80936 | Zig:24   | Noticed a royal mummy
 80936 | Zig:24   | Noticed a royal mummy
 80936 | Zig:24   | Noticed a royal mummy
 80936 | Zig:24   | Noticed a royal mummy
 80939 | Zig:24   | Killed a royal mummy
 80941 | Zig:24   | Noticed a royal mummy
 80943 | Zig:24   | Killed a royal mummy
 80947 | Zig:24   | Killed a royal mummy
 80955 | Zig:24   | Killed a royal mummy
 80959 | Zig:24   | Killed a royal mummy
 80980 | Zig:24   | Killed a royal mummy
 80999 | Zig:24   | Killed a royal mummy
 81017 | Zig:24   | Killed a royal mummy
 81022 | Zig:24   | Killed a royal mummy
 81031 | Zig:24   | Killed a royal mummy
 81094 | Zig:24   | Identified the +6 sling of Rotation {flame, Fly Dex+2}
 81097 | Zig:24   | Identified the ring of Vocsyz {rF- rCorr Int+4 Dex+3}
 81098 | Zig:24   | Identified the +6 chain mail "Hang" {Harm Drain Dex+5 SInv}
 81212 | Zig:25   | Entered Level 25 of a ziggurat
 81403 | Zig:25   | Identified the amulet "Odwebloq" {Reflect rElec rPois Str-3
                  | Dex+5 SH+5 SInv}
 81419 | Zig:25   | Identified the amulet "Qoreuj" {Acrobat rC+ Will+ Int-4
                  | Dex+3}
 81426 | Zig:25   | Identified the +3 orcbow of Deformation {heavy, Str+3}
 81437 | Zig:25   | Identified the +0 troll leather armour "Ujeoggom" {rPois
                  | rF- Regen+ Str+3 Int+4}
 81529 | Zig:26   | Entered Level 26 of a ziggurat
 81597 | Zig:26   | Noticed a dread lich
 81597 | Zig:26   | Noticed an ancient lich
 81602 | Zig:26   | Noticed a dread lich
 81602 | Zig:26   | Noticed an ancient lich
 81602 | Zig:26   | Noticed a dread lich
 81602 | Zig:26   | Noticed an ancient lich
 81603 | Zig:26   | Killed a dread lich
 81605 | Zig:26   | Killed an ancient lich
 81606 | Zig:26   | Noticed an ancient lich
 81609 | Zig:26   | Killed an ancient lich
 81609 | Zig:26   | Noticed an ancient lich
 81610 | Zig:26   | Noticed an ancient lich
 81610 | Zig:26   | Noticed a dread lich
 81613 | Zig:26   | Noticed a dread lich
 81618 | Zig:26   | Killed a dread lich
 81619 | Zig:26   | Killed an ancient lich
 81622 | Zig:26   | Killed an ancient lich
 81625 | Zig:26   | Killed a dread lich
 81625 | Zig:26   | Killed a dread lich
 81626 | Zig:26   | Killed an ancient lich
 81628 | Zig:26   | Killed a dread lich
 81634 | Zig:26   | Killed an ancient lich
 81637 | Zig:26   | Noticed a dread lich
 81642 | Zig:26   | Killed a dread lich
 81753 | Zig:26   | Identified the ring of the Battered Stars {rN++ rCorr MP+9
                  | Str-3}
 81754 | Zig:26   | Identified the staff of Doubt {rPois rC+ Int+3 Ice}
 81760 | Zig:26   | Identified the ring of Cynicism {rF+ Dex+6}
 81881 | Zig:27   | Entered Level 27 of a ziggurat
 82021 | Zig:27   | Found the +8 orange crystal plate armour {Archmagi, Int+3
                  | Clar}
 82022 | Zig:27   | Found the +0 pair of fencer's gloves {Riposte Dex+3}
 82032 | Zig:27   | Identified the +10 rapier "Janyq" {heavy, *Noise rElec
                  | rCorr Int+3}
 82033 | Zig:27   | Identified the ring of Ubesh {Drain rCorr AC+4 Str+8}
 82037 | Zig:27   | Identified the +7 chain mail of the Sneaky Coins {Harm +Inv
                  | rC- SInv}
 82038 | Zig:27   | Identified the ring "Yfit" {rElec MP+9}
 82058 | Zig:27   | Identified the +8 scimitar of Yeast {antimagic, Drain rF++}
 82059 | Zig:27   | Identified the +8 rapier of Demand {flame, rC+ Int+5}
 82281 | Zig:1    | Entered Level 1 of a ziggurat
 82291 | Zig:2    | Identified the "Lyaph"
 82291 | Zig:2    | Entered Level 2 of a ziggurat
 82315 | Zig:3    | Entered Level 3 of a ziggurat
 82341 | Zig:4    | Entered Level 4 of a ziggurat
 82364 | Zig:4    | Identified the +5 storm dragon scales "Fanuumazush" {rElec
                  | Regen+}
 82365 | Zig:4    | Identified the staff of Bahapi {Drain rC++ Dex+5 Earth}
 82373 | Zig:5    | Entered Level 5 of a ziggurat
 82373 | Zig:5    | Noticed a juggernaut
 82375 | Zig:5    | Noticed a juggernaut
 82380 | Zig:5    | Found the +3 robe of Clouds {*Thunder rCloud rElec}
 82384 | Zig:5    | Killed a juggernaut
 82387 | Zig:5    | Killed a juggernaut
 82418 | Zig:6    | Identified the of Benih
 82418 | Zig:6    | Entered Level 6 of a ziggurat
 82420 | Zig:6    | Found the +8 demon trident "Rift" {distort, reach+}
 82443 | Zig:6    | Saving game... please wait.
 82453 | Zig:6    | Identified the +1 dagger of the Writhing Blowfly {venom,
                  | rF- rN+ SInv}
 82485 | Zig:7    | Identified the "Detuciahag"
 82485 | Zig:7    | Entered Level 7 of a ziggurat
 82501 | Zig:7    | Found the +3 Elemental Staff {ele, rElec rF+ rC+ AC+3}
 82547 | Zig:8    | Entered Level 8 of a ziggurat
 82550 | Zig:8    | Noticed a royal mummy
 82552 | Zig:8    | Noticed a royal mummy
 82552 | Zig:8    | Found the ring of the Tortoise {AC+8}
 82562 | Zig:8    | Killed a royal mummy
 82572 | Zig:8    | Killed a royal mummy
 82616 | Zig:8    | Identified the +0 flail of the Howling One {vamp, rElec
                  | rPois rCorr Dex+4}
 82629 | Zig:8    | Identified the +10 war axe of Fate {freeze, Int+7}
 82634 | Zig:9    | Identified the of Luel
 82634 | Zig:9    | Entered Level 9 of a ziggurat
 82692 | Zig:9    | Identified the ring "Susaumn" {Will+ Str-2 Int+4 Dex+4}
 82695 | Zig:9    | Identified the +8 flail "Bizuq" {venom, rElec rPois rN+
                  | Will-}
 82698 | Zig:9    | Identified the staff of Melee {rF+ SInv Fire}
 82731 | Zig:10   | Entered Level 10 of a ziggurat
 82738 | Zig:10   | Noticed Eschigy the pandemonium lord
 82768 | Zig:10   | Identified the +1 sling of Demand {antimagic, Fly Int+3
                  | SInv}
 82773 | Zig:10   | Killed Eschigy the pandemonium lord
 82781 | Zig:10   | Identified the +0 fire dragon scales "Febb" {rF++ rC- Int+7
                  | Dex+4 Stlth-}
 82783 | Zig:10   | Identified the staff "Oclaimaa" {rElec rPois Str+7 Int-4
                  | Poison}
 82805 | Zig:11   | Entered Level 11 of a ziggurat
 82808 | Zig:11   | Noticed an orb of fire
 82818 | Zig:11   | Noticed an orb of fire
 82819 | Zig:11   | Killed an orb of fire
 82831 | Zig:11   | Killed an orb of fire
 82881 | Zig:11   | Identified the +10 short sword of Vymuat {vamp, Int+2}
 82920 | Zig:12   | Identified the of Goczyska
 82920 | Zig:12   | Entered Level 12 of a ziggurat
 82982 | Zig:12   | Found the +6 lightning scales {swift, rElec}
 83008 | Zig:12   | Identified the +4 halberd "Jorih" {venom, *Slow rElec rF+
                  | Dex+8}
 83013 | Zig:13   | Identified the "Xeis"
 83013 | Zig:13   | Identified the of Fyfous
 83013 | Zig:13   | Entered Level 13 of a ziggurat
 83045 | Zig:13   | Paralysed by a wendigo for 1 turns
 83073 | Zig:13   | Identified the staff of the Singing Gods {rPois rCorr
                  | Poison}
 83081 | Zig:13   | Identified the +0 pair of boots of the Baker {+Inv rElec
                  | Will- rCorr}
 83096 | Zig:14   | Identified the "Wuhusid"
 83096 | Zig:14   | Entered Level 14 of a ziggurat
 83103 | Zig:14   | Noticed a dread lich
 83105 | Zig:14   | Noticed an ancient lich
 83106 | Zig:14   | Noticed an ancient lich
 83107 | Zig:14   | Noticed an ancient lich
 83113 | Zig:14   | Noticed an ancient lich
 83120 | Zig:14   | Killed an ancient lich
 83126 | Zig:14   | Killed a dread lich
 83138 | Zig:14   | Killed an ancient lich
 83141 | Zig:14   | Killed an ancient lich
 83143 | Zig:14   | Killed an ancient lich
 83172 | Zig:14   | Identified the ring of Scepticism {rF- Will++ Slay+4}
 83176 | Zig:14   | Identified the staff of the Radish {+Blink Conj Poison}
 83194 | Zig:14   | Identified the ring "Zozeb" {Will+ Str+4}
 83199 | Zig:14   | Identified the +9 triple crossbow "Simixud" {antimagic,
                  | rPois rC+ Stlth+}
 83200 | Zig:14   | Identified the +0 chain mail "Jacwant" {+Blink}
 83276 | Zig:15   | Entered Level 15 of a ziggurat
 83377 | Zig:15   | Identified the +5 sling "Qetiurod" {heavy, rF+ Dex+5 SInv
                  | Stlth+}
 83425 | Zig:16   | Entered Level 16 of a ziggurat
 83446 | Zig:16   | Noticed a dread lich
 83457 | Zig:16   | Noticed a dread lich
 83458 | Zig:16   | Killed a dread lich
 83466 | Zig:16   | Noticed a dread lich
 83475 | Zig:16   | Killed a dread lich
 83486 | Zig:16   | Killed a dread lich
 83569 | Zig:16   | Identified the +1 ring mail "Dameovvoe" {Will+}
 83627 | Zig:17   | Entered Level 17 of a ziggurat
 83709 | Zig:17   | Identified the staff "Ifuj" {rN+ Will+ Stlth+ Necro}
 83720 | Zig:17   | Identified the +1 pair of boots of Ockeusuu {rPois rC+ SInv
                  | Stlth+}
 83743 | Zig:17   | Identified the ring "Enatel" {rPois MP+9}
 83807 | Zig:18   | Identified the of Kiamit
 83807 | Zig:18   | Entered Level 18 of a ziggurat
 83911 | Zig:18   | Identified the +7 scimitar "Essagaice" {freeze, rElec rCorr
                  | Str-3}
 83922 | Zig:18   | Identified the +0 chain mail of Ignis's Hope {Will+ rCorr
                  | Dex+5 Stlth+}
 83924 | Zig:18   | Identified the +8 war axe "Fipliu" {elec, rCorr Int+6
                  | Dex-3}
 83993 | Zig:19   | Entered Level 19 of a ziggurat
 84010 | Zig:19   | Paralysed by an air elemental for 1 turns
 84101 | Zig:19   | Identified the ring of Kaet {rElec Will+ AC+4 Str+6 Dex-2}
 84105 | Zig:19   | Identified the staff "Sulax" {rElec rC+ Air}
 84110 | Zig:19   | Identified the +8 quarterstaff of Muczial {protect, rPois
                  | Str+2}
 84127 | Zig:19   | Identified the +2 long sword of Eternal War {flame, Str+6}
 84230 | Zig:20   | Entered Level 20 of a ziggurat
 84245 | Zig:20   | Noticed Xiamoec the pandemonium lord
 84245 | Zig:20   | Noticed Geosam the pandemonium lord
 84246 | Zig:20   | Noticed Plog the pandemonium lord
 84255 | Zig:20   | Noticed Ipro the pandemonium lord
 84259 | Zig:20   | Killed Ipro the pandemonium lord
 84265 | Zig:20   | Noticed Hicoar the pandemonium lord
 84265 | Zig:20   | Noticed Ferimish the pandemonium lord
 84265 | Zig:20   | Killed Xiamoec the pandemonium lord
 84269 | Zig:20   | Killed Plog the pandemonium lord
 84271 | Zig:20   | Noticed Dyati the pandemonium lord
 84271 | Zig:20   | Killed Geosam the pandemonium lord
 84274 | Zig:20   | Noticed Ziaso the pandemonium lord
 84275 | Zig:20   | Noticed Maoseph the pandemonium lord
 84275 | Zig:20   | Killed Hicoar the pandemonium lord
 84275 | Zig:20   | Killed Ferimish the pandemonium lord
 84282 | Zig:20   | Noticed Torchepn the pandemonium lord
 84292 | Zig:20   | Killed Ziaso the pandemonium lord
 84294 | Zig:20   | Reached skill level 27 in Fighting
 84295 | Zig:20   | Killed Maoseph the pandemonium lord
 84304 | Zig:20   | Killed Dyati the pandemonium lord
 84314 | Zig:20   | Killed Torchepn the pandemonium lord
 84400 | Zig:20   | Identified the +1 trident of Welfare {flame, rCorr Str+3}
 84409 | Zig:20   | Identified the +3 chain mail of Wuon {+Blink}
 84414 | Zig:20   | Identified the +0 leather armour of Woafudogh {Harm rN+
                  | Int+2 SInv}
 84473 | Zig:21   | Entered Level 21 of a ziggurat
 84481 | Zig:21   | Noticed a royal mummy
 84481 | Zig:21   | Noticed a royal mummy
 84483 | Zig:21   | Noticed a royal mummy
 84490 | Zig:21   | Noticed a royal mummy
 84493 | Zig:21   | Killed a royal mummy
 84494 | Zig:21   | Noticed a royal mummy
 84495 | Zig:21   | Killed a royal mummy
 84496 | Zig:21   | Killed a royal mummy
 84497 | Zig:21   | Noticed a royal mummy
 84497 | Zig:21   | Noticed a royal mummy
 84504 | Zig:21   | Noticed a royal mummy
 84504 | Zig:21   | Killed a royal mummy
 84518 | Zig:21   | Killed a royal mummy
 84523 | Zig:21   | Killed a royal mummy
 84563 | Zig:21   | Killed a royal mummy
 84572 | Zig:21   | Killed a royal mummy
 84743 | Zig:21   | Identified the +1 ring mail of Rotation {rF+++ Regen+ Int-2
                  | Stlth+}
 84755 | Zig:21   | Identified the +8 quarterstaff of Conversion {heavy, rElec
                  | Str+4 Dex+4}
 84844 | Zig:22   | Identified the "Odiliruzisk"
 84844 | Zig:22   | Identified the "Musuge"
 84844 | Zig:22   | Entered Level 22 of a ziggurat
 84861 | Zig:22   | Noticed a dread lich
 84881 | Zig:22   | Paralysed by a wendigo for 1 turns
 84887 | Zig:22   | Paralysed by a wendigo for 1 turns
 84888 | Zig:22   | Killed a dread lich
 84927 | Zig:22   | Identified the +1 cloak of Quudut {Rampage rPois rCorr}
 84940 | Zig:22   | Identified the +2 scimitar of Starshine {heavy, +Blink rF-
                  | Str+3}
 84951 | Zig:22   | Identified the ring "Myqead" {rPois SInv}
 84957 | Zig:22   | Identified the staff of Extremism {rC+ Will+ Int-2 Dex+4
                  | SInv Ice}
 85027 | Zig:23   | Entered Level 23 of a ziggurat
 85233 | Zig:23   | Identified the +1 pair of boots of Patience {rN+}
 85243 | Zig:23   | Identified the ring "Kytyuh" {rCorr Slay+5}
 85276 | Zig:23   | Identified the +7 flail "Cipusm" {heavy, Str-4 Dex+5}
 85349 | Zig:24   | Identified the of Iboo
 85349 | Zig:24   | Identified the "Xeankuer"
 85349 | Zig:24   | Identified the "Bier"
 85349 | Zig:24   | Entered Level 24 of a ziggurat
 85371 | Zig:24   | Saving game... please wait.
 85479 | Zig:24   | Reached skill level 27 in Unarmed Combat
 85552 | Zig:24   | Identified the dragon-blood talisman "Gicacsaff" {Dex+3}
 85556 | Zig:24   | Identified the amulet "Peul" {RegenMP Regen+ Str+3}
 85559 | Zig:24   | Identified the +7 morningstar "Oprotzax" {vamp, +Blink MP+9
                  | Dex-5}
 85649 | Zig:25   | Entered Level 25 of a ziggurat
 85666 | Zig:25   | Noticed a dread lich
 85667 | Zig:25   | Noticed an ancient lich
 85667 | Zig:25   | Noticed a dread lich
 85667 | Zig:25   | Noticed a dread lich
 85670 | Zig:25   | Noticed an ancient lich
 85676 | Zig:25   | Killed a dread lich
 85680 | Zig:25   | Noticed an ancient lich
 85680 | Zig:25   | Noticed an ancient lich
 85680 | Zig:25   | Killed a dread lich
 85681 | Zig:25   | Noticed a dread lich
 85682 | Zig:25   | Killed an ancient lich
 85687 | Zig:25   | Noticed a dread lich
 85688 | Zig:25   | Noticed an ancient lich
 85688 | Zig:25   | Killed an ancient lich
 85692 | Zig:25   | Killed an ancient lich
 85694 | Zig:25   | Killed a dread lich
 85701 | Zig:25   | Killed a dread lich
 85710 | Zig:25   | Killed an ancient lich
 85714 | Zig:25   | Killed an ancient lich
 85724 | Zig:25   | Killed a dread lich
 85803 | Zig:25   | Found the +10 Black Knight's barding {ponderous, rPois rN+}
 85821 | Zig:25   | Identified the +5 orcbow "Biduocoj" {freeze, rElec Int+2}
 85825 | Zig:25   | Identified the ring of Ediemm {Int+3 Dex+6}
 85828 | Zig:25   | Identified the ring "Cacrosko" {*Slow rF+ rN+ rCorr}
 85864 | Zig:25   | Identified the +5 mace of a Million Knives {antimagic,
                  | rPois rF- Will++ Int-2}
 86003 | Zig:25   | Learned a level 9 spell: Shatter
 86005 | Zig:26   | Identified the of Ihomas
 86005 | Zig:26   | Entered Level 26 of a ziggurat
 86176 | Zig:26   | Found the brooch of Shielding {Spirit SH+8}
 86187 | Zig:26   | Identified the staff "Ultimatum" {rF+ MP+9 Int+2 Earth}
 86193 | Zig:26   | Identified the +5 morningstar "Woujok" {heavy, rCorr}
 86207 | Zig:26   | Identified the ring of Linnu {rPois rF+ MP-9 Str+3 Dex+6}
 86211 | Zig:26   | Identified the +2 scimitar of the Glimmering Oracle {venom,
                  | Will+}
 86297 | Zig:26   | Reached skill level 15 in Earth Magic
 86307 | Zig:27   | Identified the of Bixaco
 86307 | Zig:27   | Entered Level 27 of a ziggurat
 86468 | Zig:27   | Found the amulet of the Air {Inacc Air Fly rElec RMsl}
 86469 | Zig:27   | Identified the staff of Qoyryusk {*Slow rPois rF+ rC+ MP+9
                  | Fire}
 86481 | Zig:27   | Identified the ring of Tomorrow {rElec rF- Dex+6 Stlth+}
 86485 | Zig:27   | Identified the staff of Conscience {rC+ Int+2 Ice}
 86490 | Zig:27   | Identified the +1 glaive of Verdant Prudence {freeze,
                  | Will+}
 86646 | Geh:1    | Entered Level 1 of Gehenna
 86997 | Geh:3    | Noticed a dread lich
 86997 | Geh:3    | Noticed a dread lich
 86997 | Geh:3    | Noticed an ancient lich
 87002 | Geh:3    | Killed a dread lich
 87004 | Geh:3    | Killed an ancient lich
 87005 | Geh:3    | Killed a dread lich
 87511 | Geh:5    | Noticed an ancient lich
 87516 | Geh:5    | Killed an ancient lich
 87798 | Geh:7    | Entered Level 7 of Gehenna
 88168 | Geh:7    | Identified the +0 robe of the Storm King {-Cast +Inv rElec
                  | rPois Stlth+}
 88177 | Geh:7    | Identified the +2 chain mail of the Illusory Mouths {+Inv
                  | Will+}
 88214 | Geh:7    | Found the +13 sceptre of Asmodeus
 88214 | Geh:7    | Noticed Asmodeus
 88231 | Geh:7    | Killed Asmodeus
 88239 | Geh:7    | Got an obsidian rune of Zot
 88743 | Hell     | Identified the "Conuqul" (You acquired it in the Vestibule
                  | of Hell)
 88748 | Hell     | Acquired a manual of Throwing
 88749 | Hell     | Identified the "Oboamibo" (You acquired it in the
                  | Vestibule of Hell)
 88749 | Hell     | Acquired a manual of Maces & Flails
 88770 | Coc:1    | Entered Level 1 of Cocytus
 88909 | Coc:2    | Paralysed by a wendigo for 1 turns
 88917 | Coc:2    | Paralysed by a wendigo for 1 turns
 89380 | Coc:4    | Paralysed by a wendigo for 1 turns
 89787 | Coc:6    | Reached skill level 27 in Shapeshifting
 89833 | Coc:6    | Paralysed by a wendigo for 1 turns
 89858 | Coc:6    | Reached skill level 27 in Dodging
 89953 | Coc:7    | Entered Level 7 of Cocytus
 90007 | Coc:7    | Paralysed by a wendigo for 1 turns
 90013 | Coc:7    | Paralysed by a wendigo for 1 turns
 90040 | Coc:7    | Reached skill level 10 in Throwing
 90331 | Coc:7    | Paralysed by a wendigo for 1 turns
 90334 | Coc:7    | Paralysed by a wendigo for 1 turns
 90343 | Coc:7    | Found the +3 hat of Pondering {ponderous, Will+ MP+10
                  | Int+5}
 90466 | Coc:7    | Noticed Antaeus
 90498 | Coc:7    | Killed Antaeus
 90521 | Coc:7    | Got an icy rune of Zot
 90656 | Dis:1    | Entered Level 1 of the Iron City of Dis
 90679 | Dis:1    | You are sucked into a shaft and drop 1 floor!
 91533 | Dis:6    | Noticed an ancient lich
 91545 | Dis:6    | Killed an ancient lich
 91666 | Dis:7    | Entered Level 7 of the Iron City of Dis
 91949 | Dis:7    | Noticed a juggernaut
 91958 | Dis:7    | Killed a juggernaut
 92011 | Dis:7    | Noticed Dispater
 92011 | Dis:7    | Noticed a juggernaut
 92015 | Dis:7    | Killed a juggernaut
 92040 | Dis:7    | Killed Dispater
 92061 | Dis:7    | Got an iron rune of Zot
 92105 | Dis:7    | Identified the "Reveudof" (You acquired it on level 7 of
                  | the Iron City of Dis)
 92383 | Dis:7    | Noticed a juggernaut
 92395 | Dis:7    | Killed a juggernaut
 92406 | Dis:7    | Identified the +8 shortbow "Earthworm" {flame, rF+ Str+3}
 92637 | Dis:7    | Identified the +1 broad axe "Sonusep" {flame, rElec Int+2
                  | Dex+4}
 92641 | Dis:7    | Identified the ring of Enitutef {Drain rF- Dex+3 Slay+5
                  | SInv}
 93505 | Tomb:1   | Entered Level 1 of the Tomb of the Ancients
 94159 | Tomb:2   | Noticed a royal mummy
 94163 | Tomb:2   | Killed a royal mummy
 94165 | Tomb:2   | Noticed a royal mummy
 94165 | Tomb:2   | Noticed a royal mummy
 94165 | Tomb:2   | Noticed a royal mummy
 94170 | Tomb:2   | Killed a royal mummy
 94175 | Tomb:2   | Killed a royal mummy
 94180 | Tomb:2   | Killed a royal mummy
 94653 | Tomb:3   | Entered Level 3 of the Tomb of the Ancients
 94668 | Tomb:3   | Noticed a royal mummy
 94675 | Tomb:3   | Noticed a royal mummy
 94678 | Tomb:3   | Noticed a royal mummy
 94678 | Tomb:3   | Noticed a royal mummy
 94678 | Tomb:3   | Noticed Boris
 94683 | Tomb:3   | Noticed a royal mummy
 94688 | Tomb:3   | Killed a royal mummy
 94702 | Tomb:3   | Killed a royal mummy
 94706 | Tomb:3   | Killed a royal mummy
 94714 | Tomb:3   | Killed a royal mummy
 94721 | Tomb:3   | Noticed a royal mummy
 94722 | Tomb:3   | Killed a royal mummy
 94723 | Tomb:3   | Noticed a royal mummy
 94728 | Tomb:3   | Killed a royal mummy
 94730 | Tomb:3   | Noticed a royal mummy
 94750 | Tomb:3   | Killed Boris
 94759 | Tomb:3   | Killed a royal mummy
 94760 | Tomb:3   | Noticed a royal mummy
 94771 | Tomb:3   | Killed a royal mummy
 94787 | Tomb:3   | Killed a royal mummy
 94810 | Tomb:3   | Found the +7 Spriggan's Knife {stab, EV+4 Stlth+}
 94814 | Tomb:3   | Identified the staff of Houpol {Str+4 Dex+3 Fire Earth}
 94878 | Tomb:3   | Identified the amulet of Yqafuiv {Faith rC+}
 94884 | Tomb:3   | Identified the +0 falchion "Globulus" {vamp, rElec rC-
                  | Dex+4}
 95049 | Tomb:3   | Identified the +7 broad axe of the Empty Page {heavy,
                  | Dex+2}
 95078 | Tomb:3   | Identified the +7 hand axe "Ucompol" {antimagic, rC++ Str-4
                  | Int+8}
 95231 | Tomb:3   | Got a golden rune of Zot
 95739 | Zot:1    | Entered Level 1 of the Realm of Zot
 96141 | Zot:1    | Noticed Parghit
 96145 | Zot:1    | Killed Parghit
 97794 | Zot:3    | Identified the maw talisman of the Unicorn {rCorr Stlth+}
 98119 | Zot:4    | Reached skill level 27 in Earth Magic
 98369 | Zot:4    | Reached skill level 27 in Armour
 98765 | Zot:5    | Entered Level 5 of the Realm of Zot
 99128 | Zot:5    | Identified the ring "Uno Neliuf" {AC+4 Str+2 Dex+4}
 99129 | Zot:5    | Noticed an ancient lich
 99138 | Zot:5    | Noticed an orb of fire
 99139 | Zot:5    | Killed an ancient lich
 99141 | Zot:5    | Noticed a dread lich
 99142 | Zot:5    | Killed a dread lich
 99151 | Zot:5    | Killed an orb of fire
 99173 | Zot:5    | Noticed an orb of fire
 99179 | Zot:5    | Killed an orb of fire
 99199 | Zot:5    | Noticed a dread lich
 99203 | Zot:5    | Killed a dread lich
 99339 | Zot:5    | Noticed an ancient lich
 99351 | Zot:5    | Noticed an ancient lich
 99356 | Zot:5    | Killed an ancient lich
 99356 | Zot:5    | Noticed a dread lich
 99363 | Zot:5    | Noticed an ancient lich
 99364 | Zot:5    | Killed an ancient lich
 99370 | Zot:5    | Killed a dread lich
 99372 | Zot:5    | Noticed an ancient lich
 99373 | Zot:5    | Killed an ancient lich
 99378 | Zot:5    | Killed an ancient lich
 99438 | Zot:5    | Noticed an orb of fire
 99448 | Zot:5    | Killed an orb of fire
 99755 | Zot:5    | Got the Orb of Zot
100019 | D:12     | Noticed Xol Cix the pandemonium lord
100027 | D:12     | Killed Xol Cix the pandemonium lord
100128 | D:7      | Noticed a seraph
100136 | D:7      | Killed a seraph
100355 | D:$      | Escaped with the Orb!

Illustrated notes

Levels and vault maps discovered:
D:1:      dpeg_arrival_concentric_ovals, layout_rooms, serial_shops, shop
D:2:      layout_basic, shapermc_ecumenical_altar_venn, uniq_natasha
D:3:      minmay_general_purpose_star, layout_loops_ring,
          hellmonk_ghost_happy_afterlife, minmay_crystal_room
D:4:      layout_basic, vehumet_statue, mrwooster_statue_mirror,
          chequers_big_river, minivault_26
D:5:      layout_basic, mainiacjoe_overflow_concentric_impassable,
          gammafunk_ghost_grave
D:6:      layout_loops_corners, minmay_temple_entry_offerings, uniq_eustachio
D:7:      layout_loops_ring, nicolae_hexahallways, uniq_maggie, uniq_joseph
D:8:      layout_loops_ring, lair_entry_dummy
D:9:      layout_roguey, evilmike_ruin_ashenzari, mainiacjoe_overflow_chevrons,
          nzn_wu_jian_contemplation, serial_shops, shop_coins,
          nicolae_shop_pleasant_corner_grove
D:10:     layout_stronghold, mainiacjoe_overflow_divided_tiny,
          mainiacjoe_overflow_tiny_flanked, serial_rivers,
          chequers_serial_rivers_small_b, chequers_serial_rivers_micro_e,
          chequers_serial_rivers_large_a, chequers_serial_rivers_large_b,
          chequers_serial_rivers_micro_c
D:11:     layout_basic, uniq_fannar, uniq_josephine, uniq_maurice
D:12:     layout_loops_corners, david_orc_3, uniq_gastronok, uniq_erolcha,
          uniq_nergalle
D:13:     hangedman_cross_stitches, layout_loops_ring,
          chequers_serial_rivers_micro_e
D:14:     layout_basic, skrybe_vaults_entry_preservation, grunt_qazlal_clouds,
          portal_ice_cave_entry_ice_simulacra
D:15:     gammafunk_depths_entry_grave, layout_stronghold, xom_redecorated,
          serial_column_ruins, column_ruins_grid_2, column_ruins_open_small,
          column_ruins_grid_4, grunt_decor_one_mirror
Temple:   nicolae_temple_great_sept
Lair:1:   layout_cave_pods, kennysheep_abandoned_house
Lair:2:   layout_gridlike, lemuel_centaur_altar
Lair:3:   layout_regular_city, elwin_shoals_entry_stream, spider_nest_entry_a,
          basic_altar, serial_bayou_pond_a, st_stairs_8, uniq_nessos
Lair:4:   layout_misc_corridors, kennysheep_snail_temple
Lair:5:   due_jungle_book, layout_regular_city, nicolae_slime_entry_field_trip,
          gauntlet_entry_generic, wad_woods_river_04, serial_bayou_shore_a
Shoals:1: layout_shoals
Shoals:2: layout_shoals
Shoals:3: layout_shoals, uniq_polyphemus, uniq_ilsuiw
Shoals:4: shoals_end_simple, layout_shoals, serial_shops,
          nicolae_shop_mannequins, uniq_louise
Spider:1: layout_spider_delve
Spider:2: layout_spider_delve, uniq_arachne
Spider:3: layout_spider_delve
Spider:4: grunt_spider_rune_circles, drop_trap
Slime:1:  cheibrodos_slime_lost_civilization_3, layout_caves
Slime:2:  layout_caves
Slime:3:  nicolae_slime_jelly_donut, layout_caves, uniq_dissolution
Slime:4:  layout_caves
Slime:5:  slime_pit_nicolae_trefoil
Orc:1:    layout_caves, roderic_batcave, mines1_david, uniq_erica
Orc:2:    st_orc_pillars, layout_diamond_mine, maelrawn_ghost_gauntlet_escape,
          uniq_urug, uniq_saint_roka
Elf:1:    eino_elf_arrival_shootout, layout_geoelf_octagon,
          minmay_elf_demonology, minmay_librarian
Elf:2:    elven_hall_of_blades_hangedman_original [nicolae_blade_bullseye],
          layout_rooms
Elf:3:    minmay_elf_hall_not_hex, layout_geoelf_grid, basic_altar,
          serial_nicolae_subway, nicolae_sub_station_crystal,
          nicolae_sub_station_metal, nicolae_sub_station_stone,
          grunt_megastairs_5
Vaults:1: grunt_vaults_trifunnel, nicolae_vaults_octothorpe,
          nicolae_vaults_angled_halls, nicolae_vaults_sesquioval_fish,
          v_pattern_1, v_misc_12, nicolae_vaults_murderbox,
          nicolae_vaults_storage_closets_3, nicolae_vaults_three_branches,
          nicolae_vaults_layer_cake_slice, v_misc_13, vaults_room_pool,
          nicolae_vaults_lightning_bolt, vaults_room_mumra_shop_pool,
          layout_vaults_omnibox, uniq_nikola
Vaults:2: ebering_ghost_reflecting_pool, minmay_crypt_entry_simple_statues,
          nicolae_vaults_hexular_roomagon, nicolae_vaults_double_plus_2,
          v_rooms_1, vaults_room_corners, ontoclasm_vaults_fault,
          nicolae_vaults_closet_pinwheel_3, hangedman_vaults_stagger,
          nicolae_vaults_stepped_doors, vaults_standard_mumra_lines,
          layout_vaults_omnicross, serial_shops, nicolae_square_shop
Vaults:3: gammafunk_ghost_grave, v_pattern_2, v_misc_17, v_misc_22,
          vaults_dpeg_diagonal, v_misc_18, nicolae_vaults_network_periphery,
          grunt_vaults_twisty, grunt_vaults_hallway_short,
          hangedman_vaults_slice, ontoclasm_vaults_spin, layout_vaults_big_room,
          uniq_norris
Vaults:4: portal_desolation_entry_ruin, nicolae_vaults_stairing_the_circle,
          nicolae_vaults_closet_pinwheel_6, v_alt_pattern_6, v_misc_5,
          vaults_room_fours, nicolae_vaults_house_3,
          nicolae_vaults_weapon_check, layout_vaults_omnigrid, serial_shops,
          nicolae_shop_hallway_plus
Vaults:5: uniq_jory
Crypt:1:  layout_regular_city, grunt_ministairs_4, lemuel_statue_altar,
          glass_columns_c, serial_sigils_hangedman_leer
Crypt:2:  lemuel_vampire_tower, layout_misc_corridors, basic_altar,
          corexii_leaking_fountain, uniq_margery
Crypt:3:  quadcrypt_mu, uniq_grunn, uniq_vv, uniq_boris
Tomb:1
Tomb:2
Tomb:3
Depths:1: layout_honeycomb, grunt_mini_vestibule, minmay_misc_feat_tower,
          nicolae_abyss_entry_one_way_or_another, lightli_minifort
Depths:2: minmay_expanding_circles, layout_cave_pools, serial_shops,
          nicolae_diamond_shop, grunt_pan_entry_zigzag,
          nicolae_uskayaw_suspiria, hell_entry, hangedman_devilish_allure
Depths:3: kennysheep_green_arena, layout_basic, enter_ziggurat_b,
          grunt_hell_entry_dis_old, abyss_entry, infiniplex_staircase_pillars_2,
          uniq_sojobo
Depths:4: grunt_zot_entry_funnels, layout_gridlike, grunt_pan_entry_in_and_out,
          abyss_entry, okawaru_ov_weapons_minmay, hangedman_tar_grid_catacomb,
          minmay_shoptagon, uniq_mennas
Hell
Dis:1:    layout_gridville
Dis:2:    layout_subdivisions, nrook_loot_triangle, nicolae_dis_big_boring_drill
Dis:3:    layout_gridville, nicolae_dis_metal_dragon_surprise
Dis:4:    layout_jigsaw
Dis:5:    layout_subdivisions
Dis:6:    layout_regular_city, nicolae_dis_grated_feature
Dis:7:    dis_hangedman
Geh:1:    layout_gehenna_pools_triple
Geh:2:    layout_gehenna_lava_caves
Geh:3:    layout_gehenna_pools_box, nicolae_geh_liches_on_tour
Geh:4:    nicolae_geh_erupted_tower, layout_gehenna_pools_box
Geh:5:    layout_gehenna_pools_box
Geh:6:    layout_gehenna_pools_box
Geh:7:    geh_old
Coc:1:    layout_cocytus_delve
Coc:2:    layout_ice_bergs
Coc:3:    layout_cocytus_water_paths
Coc:4:    layout_ice_bergs, nicolae_coc_statues_of_limitations
Coc:5:    layout_cocytus_water_paths
Coc:6:    layout_ice_bergs
Coc:7:    coc_dpeg
Tar:1:    layout_grid_maze
Tar:2:    layout_honeycomb
Tar:3:    layout_honeycomb
Tar:4:    layout_cathedral_of_symmetry, nicolae_hells_hurtin_island
Tar:5:    layout_grid_maze
Tar:6:    layout_grid_maze
Tar:7:    tar_mu [tar_mu_maze]
Zot:1:    lemuel_halls_of_wrath, layout_gridlike, nicolae_rock_paper_scissors,
          uniq_parghit
Zot:2:    layout_misc_corridors, hangedman_zot_decor_checkerboard
Zot:3:    layout_gridlike, regret_index_zotdec_bone_old
Zot:4:    layout_cellular_growth, grunt_megastairs_2
Zot:5:    layout_concentric_octagons, regret_index_zotdec_carving_tricks,
          grunt_ministairs_14

Skill      XL: |  1  2  3  4  5  6  7  8  9 10 11 12 13 14 15 16 17 18 19 20 21 22 23 24 25 26 27 |
---------------+----------------------------------------------------------------------------------+-----
Long Blades    | 2 3 4 |  4.1
Unarmed Combat | 2 4 5 6 9 10 11 12 13 14 15 16 17 27 | 27.0
Fighting       | 4 6 7 8 9 10 11 12 13 14 15 16 17 27 | 27.0
Armour         | 3 4 6 7 8 9 10 11 12 13 27 | 27.0
Dodging        | 1 3 5 6 7 8 9 10 11 12 14 27 | 27.0
Evocations     | 1 3 5 7 8 11 | 11.3
Shapeshifting  | 5 7 10 12 15 16 17 19 20 21 22 23 27 | 27.0
Throwing       | 1 5 6 14 | 14.7
Shields        | 4 6 7 8 9 10 26 | 26.9
Translocations | 5 7 9 10 11 12 13 | 13.1
Air Magic      | 5 7 9 10 11 12 13 22 | 22.9
Spellcasting   | 3 6 8 10 11 12 22 | 22.2
Stealth        | 3 5 6 7 |  7.8
Earth Magic    | 9 27 | 27.0
Transmutations | 3 |  3.9
Conjurations   | 22 | 22.0
Poison Magic   | 7 |  7.3

Action                     |  1- 3 |  4- 6 |  7- 9 | 10-12 | 13-15 | 16-18 | 19-21 | 22-24 | 25-27 || total
---------------------------+-------+-------+-------+-------+-------+-------+-------+-------+-------++-------
  Melee: Long sword        |    84 |    26 |       |       |       |       |       |       |       ||   110
         Touch             |       |    27 |    57 |   142 |   304 |   341 |   243 |   305 |   897 ||  2316
         Unarmed           |       |    91 |   318 |   646 |  1548 |  1772 |  1494 |  1575 | 16024 || 23468
         Punch             |       |     6 |    14 |    57 |   147 |   225 |   146 |   212 |   736 ||  1543
  Throw: Throwing net      |       |       |       |     2 |       |       |       |       |       ||     2
   Cast: Manifold Assault  |       |       |       |       |       |       |     1 |    26 |   315 ||   342
         Vhi's Electric Ch |       |       |       |       |       |       |     1 |     1 |   254 ||   256
         Shatter           |       |       |       |       |       |       |       |       |    38 ||    38
         Passwall          |       |       |       |       |       |       |       |       |     8 ||     8
         Conjure Ball Ligh |       |       |       |       |       |       |       |       |     2 ||     2
 Invoke: Serpent's Lash    |       |       |       |       |     7 |     2 |     8 |     2 |     9 ||    28
         Heavenly Storm    |       |       |       |       |     1 |     4 |     1 |     2 |    41 ||    49
Ability: Lunge             |       |       |       |    36 |   130 |   172 |   135 |   174 |  1062 ||  1709
         Whirlwind         |       |       |       |    68 |   337 |   555 |   368 |   414 |  5655 ||  7397
         Wall Jump         |       |       |       |       |     1 |       |       |       |       ||     1
         Siphon Essence    |       |       |       |       |       |       |       |     1 |     3 ||     4
  Evoke: Wand              |       |       |       |     3 |     2 |     1 |     2 |       |    18 ||    26
         Phial of floods   |       |       |       |       |       |       |     1 |       |       ||     1
         Lightning rod     |       |       |       |       |       |       |       |     4 |       ||     4
         Figurine of a zig |       |       |       |       |       |       |       |       |     1 ||     1
    Use: Scroll            |       |       |    12 |    10 |    13 |     9 |     4 |     3 |    16 ||    67
         Potion            |       |       |     3 |     4 |     5 |     3 |     1 |     3 |    37 ||    56
   Stab: Sleeping          |       |       |     1 |     1 |       |       |     1 |     2 |       ||     5
         Distracted        |       |       |       |       |       |       |     1 |     1 |     6 ||     8
         Petrified         |       |       |       |       |       |       |       |       |     3 ||     3
         Confused          |       |       |       |       |       |       |       |       |     2 ||     2
         Petrifying        |       |       |       |       |       |       |       |       |     1 ||     1
 Armour: Scale mail        |    55 |    73 |   178 |   103 |   670 |   680 |   156 |    56 |       ||  1971
         Steam dragon scal |       |       |    81 |   128 |       |       |       |       |       ||   209
         Ring mail         |       |       |       |   110 |       |       |       |       |       ||   110
         Skin              |       |       |       |       |       |       |   739 |    34 |       ||   773
         Gold dragon scale |       |       |       |       |       |       |       |   602 |  5115 ||  5717
  Dodge: Dodged            |    26 |    51 |   182 |   446 |   845 |  1330 |  1222 |   531 |  5445 || 10078
  Block: Buckler           |    14 |       |       |       |       |       |       |       |       ||    14
         Other             |       |       |       |       |       |   191 |   371 |   271 |   870 ||  1703
         Kite shield       |       |       |       |       |       |       |       |       |  7052 ||  7052
         Form:             |       |       |       |       |     2 |       |       |       |    15 ||    17
         Blade             |       |       |       |       |     1 |     1 |     1 |     2 |       ||     5
         Death             |       |       |       |       |     1 |       |       |     2 |    16 ||    19
         Statue            |       |       |       |       |       |       |     2 |       |       ||     2
         Storm             |       |       |       |       |       |       |       |       |     1 ||     1

Table legend: (Time is in decaauts)
 A = Elapsed time spent in this place.
 B = Non-inter-level travel time spent in this place.
 C = Inter-level travel time spent in this place.
 D = Time resting spent in this place.
 E = Time spent auto-exploring this place.
 F = Levels seen in this place.
 G = Mean time per level.
                   A        B        C        D        E       F      G
               +--------+--------+--------+--------+--------+-----+--------+
         Total | 100665 |  93121 |   7544 |   2064 |  60761 | 169 |  595.7 |
       Dungeon |  14937 |  12453 |   2484 |    210 |   9624 |  15 |  995.8 |
        Temple |      6 |      4 |      2 |      0 |      0 |   1 |    6.0 |
          Lair |   7647 |   6701 |    946 |    114 |   5161 |   5 | 1529.4 |
        Shoals |   3741 |   3630 |    111 |      0 |   2492 |   4 |  935.2 |
   Spider Nest |   5344 |   5184 |    160 |     77 |   3713 |   4 | 1336.0 |
    Slime Pits |   1405 |   1322 |     83 |    103 |    764 |   5 |  281.0 |
  Orcish Mines |   1731 |   1346 |    385 |      0 |    998 |   2 |  865.5 |
   Elven Halls |   4188 |   3969 |    219 |    606 |   2068 |   3 | 1396.0 |
        Vaults |   9490 |   8980 |    510 |    169 |   6674 |   5 | 1898.0 |
         Crypt |   3466 |   3005 |    461 |     14 |   2005 |   3 | 1155.3 |
          Tomb |   1892 |   1660 |    232 |     12 |   1033 |   3 |  630.7 |
        Depths |   5911 |   5134 |    777 |    188 |   4091 |   4 | 1477.8 |
          Hell |    771 |    622 |    149 |      0 |    265 |   1 |  771.0 |
           Dis |   1978 |   1872 |    106 |      0 |   1237 |   7 |  282.6 |
       Gehenna |   1952 |   1686 |    266 |      0 |   1152 |   7 |  278.9 |
       Cocytus |   1765 |   1672 |     93 |      0 |   1063 |   7 |  252.1 |
      Tartarus |   3881 |   3530 |    351 |      0 |   2314 |   7 |  554.4 |
           Zot |   3970 |   3770 |    200 |     26 |   3001 |   5 |  794.0 |
         Abyss |   4333 |   4333 |      0 |      0 |   1828 |   6 |  722.2 |
   Pandemonium |  10202 |  10202 |      0 |      0 |   6450 |  18 |  566.8 |
      Ziggurat |   9074 |   9074 |      0 |    182 |   3500 |  54 |  168.0 |
      Ice Cave |    907 |    907 |      0 |    337 |    248 |   1 |  907.0 |
    Desolation |   1289 |   1289 |      0 |      0 |    703 |   1 | 1289.0 |
      Gauntlet |    775 |    775 |      0 |     25 |    375 |   1 |  775.0 |
               +--------+--------+--------+--------+--------+-----+--------+

Top non-repeatable levels by time:
   Tar:7: 2755 daAuts
Vaults:2: 2343 daAuts
 Abyss:2: 2287 daAuts
   Elf:3: 2174 daAuts
Vaults:5: 2117 daAuts
Spider:4: 1896 daAuts
  Lair:1: 1866 daAuts
 Crypt:3: 1770 daAuts
Vaults:3: 1754 daAuts
Depths:4: 1724 daAuts
  Lair:5: 1709 daAuts
Vaults:1: 1666 daAuts
  Lair:3: 1612 daAuts
Vaults:4: 1608 daAuts
    D:12: 1469 daAuts
